Workbook

Sheet Format D
A1: Cost Price Spreadsheet
A2: Solicitation
A3: Offeror shall enter data in yellow highlighted fields only
A4: Offeror:
A5: Basic
A6: CLIN | B6: Contract Type | C6: Description | D6: Qty | E6: U/I | F6: Proposed Cost | G6: Fixed Fee | H6: Amount
A7: 1 | B7: Cost Plus Fixed Fee | C7: HH-60W Degraded Visual Environment System Research, Development, Test, and Evaluation (RDT&E) | D7: 1 | E7: LO | F7: ='Format A CLIN 0001'!N45 -> 0 | G7: ='Format A CLIN 0001'!N47 -> 0 | H7: =F7+G7 -> 0
A8: 2 | B8: Cost Plus Fixed Fee | C8: HH-60W Degraded Visual Environment System Prototype Installation Kit | D8: 1 | E8: KT | H8: =F8+G8 -> 0
A9: 3 | B9: Cost Plus Fixed Fee | C9: HH-60W Degraded Visual Environment System Verification Installation Kit | D9: 1 | E9: KT | H9: =F9+G9 -> 0
F10: Unit Price
A11: 4 | B11: Cost Plus Fixed Fee | C11: HH-60W Degraded Visual Environment System Lab/Simulator Kits | D11: 3 | E11: KT | F11: ='Format A CLIN 0004'!N24 -> 0 | H11: =F11+G11 -> 0
F12: Proposed Cost | G12: Fixed Fee
A13: 5 | B13: Cost Plus Fixed Fee | C13: HH-60W Degraded Visual Environment System Prototype Installation Labor | D13: 1 | E13: LO | F13: ='Format A CLIN 0005'!N50 -> 0 | H13: =F13+G13 -> 0
A14: 6 | B14: Cost Plus Fixed Fee | C14: HH-60W Degraded Visual Environment System Verification Installation Labor | D14: 1 | E14: LO | F14: ='Format A CLIN 0006'!N50 -> 0 | H14: =F14+G14 -> 0
F15: Unit Price
A16: 7 | B16: Firm Fixed Fee | C16: HH-60W Degraded Visual Environment System Familiarization | D16: 1 | E16: LO | H16: =F16+G16 -> 0
A17: 8 | B17: Cost Reimbursable - No Fee | C17: Contractor Travel | D17: 1 | E17: LO
A18: 9 | B18: Not Separately Priced | C18: Data | D18: 1 | E18: LO | F18: NSP | H18: NSP
A19: Basic Total | H19: =H7,H8,H9,H11,H13,H14,H16 -> #VALUE!
A20: Ordering Period 1
A21: CLIN | B21: Contract Type | C21: Description | D21: Qty | E21: U/I | F21: Unit Price | H21: Amount
A22: 1001 | B22: Cost Plus Fixed Fee | C22: HH-60W Degraded Visual Environment System Research, Development, Test, and Evaluation (RDT&E) | D22: 1 | E22: LO | F22: ='Format A CLIN 0001'!N60 -> 0 | H22: =F22+G22 -> 0
A23: 1002 | B23: Firm Fixed Fee | C23: HH-60W Degraded Visual Environment System Production Kits (A+B) | D23: 30 | E23: KT | H23: =F23+G23 -> 0
A24: 1003 | B24: Firm Fixed Fee | C24: HH-60W Degraded Visual Environment System Production Kit Spare (B Only) | D24: 3 | E24: KT | H24: =F24+G24 -> 0
A25: 1004 | B25: Cost Plus Fixed Fee | C25: HH-60W Degraded Visual Environment System Production Installation Labor (A+B) | D25: 1 | E25: LO | F25: ='Format A CLIN 0005'!N62 -> 0 | H25: =F25+G25 -> 0
A26: 1005 | B26: Cost Plus Fixed Fee | C26: HH-60W Degraded Visual Environment System Prototype Installation Labor | D26: 1 | E26: LO | F26: ='Format A CLIN 0005'!N63 -> 0 | H26: =F26+G26 -> 0
A27: 1006 | B27: Cost Plus Fixed Fee | C27: HH-60W Degraded Visual Environment System Verification Installation Labor | D27: 1 | E27: LO | F27: ='Format A CLIN 0006'!N63 -> 0 | H27: =F27+G27 -> 0
A28: 1007 | B28: Cost Reimbursable - No Fee | C28: Contractor Travel | D28: 1 | E28: LO
A29: 1008 | B29: Not Separately Priced | C29: Data | D29: 1 | E29: LO | F29: NSP | H29: NSP
A30: Ordering Period 1 Total | H30: =H22,H23,H24,H25,H26,H27 -> #VALUE!
A31: Ordering Period 2
A32: CLIN | B32: Contract Type | C32: Description | D32: Qty | E32: U/I | F32: Unit Price | H32: Amount
A33: 2001 | B33: Firm Fixed Fee | C33: HH-60W Degraded Visual Environment System Production Kits (A+B) | D33: 29 | E33: KT | H33: =F33+G33 -> 0
A34: 2002 | B34: Firm Fixed Fee | C34: HH-60W Degraded Visual Environment System Production Kit Spare (B Only) | D34: 3 | E34: KT | H34: =F34+G34 -> 0
A35: 2003 | B35: Cost Plus Fixed Fee | C35: HH-60W Degraded Visual Environment System Installation Labor (A+B) | D35: 1 | E35: LO | H35: =F35+G35 -> 0
A36: 2004 | B36: Cost Reimbursable - No Fee | C36: Contractor Travel | D36: 1 | E36: LO
A37: 2005 | B37: Not Separately Priced | C37: Data | D37: 1 | E37: LO | F37: NSP | H37: NSP
A38: Ordering Period 2 Total | H38: =H33,H34,H35 -> #VALUE!
A39: Ordering Period 3
A40: CLIN | B40: Contract Type | C40: Description | D40: Qty | E40: U/I | F40: Unit Price | H40: Amount
A41: 3001 | B41: Firm Fixed Fee | C41: HH-60W Degraded Visual Environment System Production Kits (A+B) | D41: 26 | E41: KT | H41: =F41+G41 -> 0
A42: 3002 | B42: Firm Fixed Fee | C42: HH-60W Degraded Visual Environment System Production Kit Spare (B Only) | D42: 2 | E42: KT | H42: =F42+G42 -> 0
A43: 3003 | B43: Cost Plus Fixed Fee | C43: HH-60W Degraded Visual Environment System Installation Labor (A+B) | D43: 1 | E43: LO | H43: =F43+G43 -> 0
A44: 3004 | B44: Cost Reimbursable - No Fee | C44: Contractor Travel | D44: 1 | E44: LO
A45: 3005 | B45: Not Separately Priced | C45: Data | D45: 1 | E45: LO | F45: NSP | H45: NSP
A46: Ordering Period 3 Total | H46: =H41,H42,H43 -> #VALUE!
A47: Ordering Period 4
A48: CLIN | B48: Contract Type | C48: Description | D48: Qty | E48: U/I | F48: Unit Price | H48: Amount
A49: 4001 | B49: Firm Fixed Fee | C49: HH-60W Degraded Visual Environment System Production Kits (A+B) | D49: 24 | E49: KT | H49: =F49+G49 -> 0
A50: 4002 | B50: Firm Fixed Fee | C50: HH-60W Degraded Visual Environment System Production Kit Spare (B Only) | D50: 2 | E50: KT | H50: =F50+G50 -> 0
A51: 4003 | B51: Cost Plus Fixed Fee | C51: HH-60W Degraded Visual Environment System Installation Labor (A+B) | D51: 1 | E51: LO | H51: =F51+G51 -> 0
A52: 4004 | B52: Cost Reimbursable - No Fee | C52: Contractor Travel | D52: 1 | E52: LO
A53: 4005 | B53: Not Separately Priced | C53: Data | D53: 1 | E53: LO | F53: NSP | H53: NSP
A54: Ordering Period 4 Total | H54: =H49,H50,H51 -> #VALUE!
A55: Ordering Period 5
A56: CLIN | B56: Contract Type | C56: Description | D56: Qty | E56: U/I | F56: Unit Price | H56: Amount
A57: 5001 | B57: Cost Plus Fixed Fee | C57: HH-60W Degraded Visual Environment System Installation Labor (A+B) | D57: 1 | E57: LO | H57: =F57*D57 -> 0
A58: 5002 | B58: Cost Reimbursable - No Fee | C58: Contractor Travel | D58: 1 | E58: LO
A59: 5003 | B59: Not Separately Priced | C59: Data | D59: 1 | E59: LO | F59: NSP | H59: NSP
A60: Ordering Period 5 Total | H60: =H57 -> 0
A61: Ordering Period 6
A62: CLIN | B62: Contract Type | C62: Description | D62: Qty | E62: U/I | F62: Unit Price | H62: Amount
A63: 6001 | B63: Cost Plus Fixed Fee | C63: HH-60W Degraded Visual Environment System Installation Labor (A+B) | D63: 1 | E63: LO | H63: =F63*D63 -> 0
A64: 6002 | B64: Cost Reimbursable - No Fee | C64: Contractor Travel | D64: 1 | E64: LO
A65: 6003 | B65: Not Separately Priced | C65: Data | D65: 1 | E65: LO | F65: NSP | H65: NSP
A66: Ordering Period 6 Total | H66: =H63 -> 0
A68: Note:
A69: 1. FFP CLINs shall be entered on Format D only
A70: 2. Cost CLINs (other than travel) Total Cost and Fee shall be linked from Format A to Format D
A71: 3. Travel will not be included in the TEP calculation.
A73: 18 June 2026

Sheet Format A CLIN 0001
A2: Non Recurring Engineering
A4: CLIN 0001 | B4: Basic (CLIN 0001) | N4: 0001 Total
B5: 2027 | E5: 2028 | H5: 2029
A6: COST/PRICE ELEMENT | B6: HOURS/BASE | C6: RATE | D6: 2027 Total | E6: HOURS/BASE | F6: RATE | G6: 2028 Total | H6: HOURS/BASE | I6: RATE | J6: 2029 Total | K6: HOURS/BASE | L6: RATE | M6: Total | N6: 0001 Total Amount
A7: DIRECT LABOR | B7: Labor Hours | E7: Labor Hours | H7: Labor Hours | K7: Labor Hours
A8: LABOR CATEGORY 1 | B8: 0 | C8: 0 | D8: =C8*B8 -> 0 | E8: 0 | F8: 0 | G8: =F8*E8 -> 0 | H8: 0 | I8: 0 | J8: =I8*H8 -> 0 | K8: 0 | L8: 0 | M8: =L8*K8 -> 0 | N8: =M8+J8+G8+D8 -> 0
A9: LABOR CATEGORY 2 | B9: 0 | C9: 0 | D9: =C9*B9 -> 0 | E9: 0 | F9: 0 | G9: =F9*E9 -> 0 | H9: 0 | I9: 0 | J9: =I9*H9 -> 0 | K9: 0 | L9: 0 | M9: =L9*K9 -> 0 | N9: =M9+J9+G9+D9 -> 0
A10: LABOR CATEGORY 3 | B10: 0 | C10: 0 | D10: =C10*B10 -> 0 | E10: 0 | F10: 0 | G10: =F10*E10 -> 0 | H10: 0 | I10: 0 | J10: =I10*H10 -> 0 | K10: 0 | L10: 0 | M10: =L10*K10 -> 0 | N10: =M10+J10+G10+D10 -> 0
A11: LABOR CATEGORY 4 | B11: 0 | C11: 0 | D11: =C11*B11 -> 0 | E11: 0 | F11: 0 | G11: =F11*E11 -> 0 | H11: 0 | I11: 0 | J11: =I11*H11 -> 0 | K11: 0 | L11: 0 | M11: =L11*K11 -> 0 | N11: =M11+J11+G11+D11 -> 0
A12: LABOR CATEGORY 5 | B12: 0 | C12: 0 | D12: =C12*B12 -> 0 | E12: 0 | F12: 0 | G12: =F12*E12 -> 0 | H12: 0 | I12: 0 | J12: =I12*H12 -> 0 | K12: 0 | L12: 0 | M12: =L12*K12 -> 0 | N12: =M12+J12+G12+D12 -> 0
A13: LABOR CATEGORY 6 | B13: 0 | C13: 0 | D13: =C13*B13 -> 0 | E13: 0 | F13: 0 | G13: =F13*E13 -> 0 | H13: 0 | I13: 0 | J13: =I13*H13 -> 0 | K13: 0 | L13: 0 | M13: =L13*K13 -> 0 | N13: =M13+J13+G13+D13 -> 0
A14: LABOR CATEGORY 7 | B14: 0 | C14: 0 | D14: =C14*B14 -> 0 | E14: 0 | F14: 0 | G14: =F14*E14 -> 0 | H14: 0 | I14: 0 | J14: =I14*H14 -> 0 | K14: 0 | L14: 0 | M14: =L14*K14 -> 0 | N14: =M14+J14+G14+D14 -> 0
A15: LABOR CATEGORY 8 | B15: 0 | C15: 0 | D15: =C15*B15 -> 0 | E15: 0 | F15: 0 | G15: =F15*E15 -> 0 | H15: 0 | I15: 0 | J15: =I15*H15 -> 0 | K15: 0 | L15: 0 | M15: =L15*K15 -> 0 | N15: =M15+J15+G15+D15 -> 0
A16: LABOR CATEGORY 9 | B16: 0 | C16: 0 | D16: =C16*B16 -> 0 | E16: 0 | F16: 0 | G16: =F16*E16 -> 0 | H16: 0 | I16: 0 | J16: =I16*H16 -> 0 | K16: 0 | L16: 0 | M16: =L16*K16 -> 0 | N16: =M16+J16+G16+D16 -> 0
A17: LABOR CATEGORY 10 | B17: 0 | C17: 0 | D17: =C17*B17 -> 0 | E17: 0 | F17: 0 | G17: =F17*E17 -> 0 | H17: 0 | I17: 0 | J17: =I17*H17 -> 0 | K17: 0 | L17: 0 | M17: =L17*K17 -> 0 | N17: =M17+J17+G17+D17 -> 0
A18: LABOR CATEGORY 11 | B18: 0 | C18: 0 | D18: =C18*B18 -> 0 | E18: 0 | F18: 0 | G18: =F18*E18 -> 0 | H18: 0 | I18: 0 | J18: =I18*H18 -> 0 | K18: 0 | L18: 0 | M18: =L18*K18 -> 0 | N18: =M18+J18+G18+D18 -> 0
A19: LABOR CATEGORY 12 | B19: 0 | C19: 0 | D19: =C19*B19 -> 0 | E19: 0 | F19: 0 | G19: =F19*E19 -> 0 | H19: 0 | I19: 0 | J19: =I19*H19 -> 0 | K19: 0 | L19: 0 | M19: =L19*K19 -> 0 | N19: =M19+J19+G19+D19 -> 0
A20: TOTAL DIRECT LABOR | B20: =SUM(B8:B19) -> 0 | D20: =SUM(D8:D19) -> 0 | E20: =SUM(E8:E19) -> 0 | G20: =SUM(G8:G19) -> 0 | H20: =SUM(H8:H19) -> 0 | J20: =SUM(J8:J19) -> 0 | K20: =SUM(K8:K19) -> 0 | M20: =SUM(M8:M19) -> 0 | N20: =SUM(N8:N19) -> 0
A22: ENG OVERHEAD | B22: 0 | C22: 0 | D22: =B22*C22 -> 0 | E22: 0 | F22: 0 | G22: =E22*F22 -> 0 | H22: 0 | I22: 0 | J22: =H22*I22 -> 0 | K22: 0 | L22: 0 | M22: =K22*L22 -> 0 | N22: =M22+J22+G22+D22 -> 0
A23: FLD OVERHEAD | B23: 0 | C23: 0 | D23: =B23*C23 -> 0 | E23: 0 | F23: 0 | G23: =E23*F23 -> 0 | H23: 0 | I23: 0 | J23: =H23*I23 -> 0 | K23: 0 | L23: 0 | M23: =K23*L23 -> 0 | N23: =M23+J23+G23+D23 -> 0
A24: MFG OVERHEAD | B24: 0 | C24: 0 | D24: =B24*C24 -> 0 | E24: 0 | F24: 0 | G24: =E24*F24 -> 0 | H24: 0 | I24: 0 | J24: =H24*I24 -> 0 | K24: 0 | L24: 0 | M24: =K24*L24 -> 0 | N24: =M24+J24+G24+D24 -> 0
A25: TOTAL INDIRECT LABOR EXPENSE | D25: =SUM(D22:D24) -> 0 | E25: 0 | G25: =SUM(G22:G24) -> 0 | J25: =SUM(J22:J24) -> 0 | M25: =SUM(M22:M24) -> 0 | N25: =SUM(N22:N24) -> 0
A27: SUB-TIER VENDOR (SUBCONTRACTOR/INTERCOMPANY/TEAMMATE)
A28: SUB-TIER VENDOR 1 | D28: 0 | G28: 0 | J28: 0 | M28: 0 | N28: =M28+J28+G28+D28 -> 0
A29: SUB-TIER VENDOR 2 | D29: 0 | G29: 0 | J29: 0 | M29: 0 | N29: =M29+J29+G29+D29 -> 0
A30: SUB-TIER VENDOR 3 | D30: 0 | G30: 0 | J30: 0 | M30: 0 | N30: =M30+J30+G30+D30 -> 0
A31: TOTAL SUB-TIER VENDOR COSTS/PRICES | D31: =SUM(D28:D30) -> 0 | G31: =SUM(G28:G30) -> 0 | J31: =SUM(J28:J30) -> 0 | M31: =SUM(M28:M30) -> 0 | N31: =SUM(N28:N30) -> 0
A32: SUBTOTAL | D32: =D20+D25+D31 -> 0 | G32: =G20+G25+G31 -> 0 | J32: =J20+J25+J31 -> 0 | M32: =M20+M25+M31 -> 0 | N32: =M32+J32+G32+D32 -> 0
A34: G&A | B34: 0 | C34: 0 | D34: =B34*C34 -> 0 | E34: 0 | F34: 0 | G34: =E34*F34 -> 0 | H34: 0 | I34: 0 | J34: =H34*I34 -> 0 | K34: 0 | L34: 0 | M34: =K34*L34 -> 0 | N34: =M34+J34+G34+D34 -> 0
A36: SUBTOTAL COST | D36: =D32+D34 -> 0 | G36: =G32+G34 -> 0 | J36: =J32+J34 -> 0 | M36: =M32+M34 -> 0 | N36: =N32+N34 -> 0
A38: FACILITIES CAPITAL COST OF MONEY
A39: ENG DIRECT LABOR | B39: 0 | C39: 0 | D39: =B39*C39 -> 0 | E39: 0 | F39: 0 | G39: =E39*F39 -> 0 | H39: 0 | I39: 0 | J39: =H39*I39 -> 0 | K39: 0 | L39: 0 | M39: =K39*L39 -> 0 | N39: =M39+J39+G39+D39 -> 0
A40: FLD DIRECT LABOR | B40: 0 | C40: 0 | D40: =B40*C40 -> 0 | E40: 0 | F40: 0 | G40: =E40*F40 -> 0 | H40: 0 | I40: 0 | J40: =H40*I40 -> 0 | K40: 0 | L40: 0 | M40: =K40*L40 -> 0 | N40: =M40+J40+G40+D40 -> 0
A41: MFG DIRECT LABOR | B41: 0 | C41: 0 | D41: =B41*C41 -> 0 | E41: 0 | F41: 0 | G41: =E41*F41 -> 0 | H41: 0 | I41: 0 | J41: =H41*I41 -> 0 | K41: 0 | L41: 0 | M41: =K41*L41 -> 0 | N41: =M41+J41+G41+D41 -> 0
A42: G&A | B42: 0 | C42: 0 | D42: =B42*C42 -> 0 | E42: 0 | F42: 0 | G42: =E42*F42 -> 0 | H42: 0 | I42: 0 | J42: =H42*I42 -> 0 | K42: 0 | L42: 0 | M42: =K42*L42 -> 0 | N42: =M42+J42+G42+D42 -> 0
A43: TOTAL FCCM | D43: =SUM(D39:D42) -> 0 | G43: =SUM(G39:G42) -> 0 | J43: =SUM(J39:J42) -> 0 | M43: =SUM(M39:M42) -> 0 | N43: =SUM(N39:N42) -> 0
A45: TOTAL COST | D45: =D36+D43 -> 0 | G45: =G36+G43 -> 0 | J45: =J36+J43 -> 0 | M45: =M36+M43 -> 0 | N45: =N36+N43 -> 0
B46: =#REF! -> #REF! | H46: =#REF! -> #REF!
A47: FIXED FEE | B47: =D36 -> 0 | C47: 0 | D47: =B47*C47 -> 0 | E47: =G36 -> 0 | F47: 0 | G47: =E47*F47 -> 0 | H47: =J36 -> 0 | I47: 0 | J47: =H47*I47 -> 0 | K47: =M36 -> 0 | L47: 0 | M47: =K47*L47 -> 0 | N47: =M47+J47+G47+D47 -> 0
B48: =#REF! -> #REF! | H48: =#REF! -> #REF!
A50: TOTAL PRICE | D50: =D45+D47 -> 0 | G50: =G45+G47 -> 0 | J50: =J45+J47 -> 0 | M50: =M45+M47 -> 0 | N50: =N45+N47 -> 0
A51: Notes:
A52: 1. Cost format A may be revised as required to be consistent with the contractor's approved accounting system.
A53: 2. The numbers contained in the RFP Exhibit are examples only -- remove or replace in proposal.
A54: 3. The Period of Performance (PoP) for CLIN 0001 is 24 Months. The offeror shall fill out the above model for the applicable PoP.
A55: 4. The Offeror shall add the applicable labor categories above.
A56: 5. Total Cost and Fee shall roll into Format D CLIN 0001 pricing.

Sheet Format A CLIN 0002
A3: HH-60W Degraded Visual Environment System Prototype Installation Kit
A4: CLIN 0002 | B4: Basic (CLIN 0002) | N4: 0002 Total
B5: 2027 | E5: 2028 | H5: 2029
A7: DIRECT MATERIAL | D7: 0 | G7: 0 | J7: 0 | M7: 0 | N7: =M7+J7+G7+D7 -> 0
A8: MATERIAL OVERHEAD | B8: 0 | C8: 0 | D8: =B8*C8 -> 0 | E8: 0 | F8: 0 | G8: =E8*F8 -> 0 | H8: 0 | I8: 0 | J8: =H8*I8 -> 0 | K8: 0 | L8: 0 | M8: =K8*L8 -> 0 | N8: =M8+J8+G8+D8 -> 0
A9: TOTAL MATERIAL | D9: =SUM(D7:D8) -> 0 | G9: =SUM(G7:G8) -> 0 | J9: =SUM(J7:J8) -> 0 | M9: =SUM(M7:M8) -> 0 | N9: =SUM(N7:N8) -> 0
A11: G&A | B11: 0 | C11: 0 | D11: =B11*C11 -> 0 | E11: 0 | F11: 0 | G11: =E11*F11 -> 0 | H11: 0 | I11: 0 | J11: =H11*I11 -> 0 | K11: 0 | L11: 0 | M11: =K11*L11 -> 0 | N11: =M11+J11+G11+D11 -> 0
A13: SUBTOTAL COST | D13: =D9+D11 -> 0 | G13: =G11+G9 -> 0 | J13: =J11+J9 -> 0 | M13: =M11+M9 -> 0 | N13: =N11+N9 -> 0
A15: FACILITIES CAPITAL COST OF MONEY
A16: G&A | B16: 0 | C16: 0 | D16: =B16*C16 -> 0 | E16: 0 | F16: 0 | G16: =E16*F16 -> 0 | H16: 0 | I16: 0 | J16: =H16*I16 -> 0 | K16: 0 | L16: 0 | M16: =K16*L16 -> 0 | N16: =M16+J16+G16+D16 -> 0
A17: TOTAL FCCM | D17: =SUM(D16:D16) -> 0 | G17: =SUM(G16:G16) -> 0 | J17: =SUM(J16:J16) -> 0 | M17: =SUM(M16:M16) -> 0 | N17: =SUM(N16:N16) -> 0
A19: TOTAL COST | D19: =D13+D17 -> 0 | G19: =G13+G17 -> 0 | J19: =J13+J17 -> 0 | M19: =M13+M17 -> 0 | N19: =N13+N17 -> 0
A21: FIXED FEE | B21: =D13 -> 0 | C21: 0 | D21: =B21*C21 -> 0 | E21: =G13 -> 0 | F21: 0 | G21: =E21*F21 -> 0 | H21: =J13 -> 0 | I21: 0 | J21: =H21*I21 -> 0 | K21: =M13 -> 0 | L21: 0 | M21: =K21*L21 -> 0 | N21: =M21+J21+G21+D21 -> 0
A24: TOTAL PRICE | D24: =D19+D21 -> 0 | G24: =G19+G21 -> 0 | J24: =J19+J21 -> 0 | M24: =M19+M21 -> 0 | N24: =N19+N21 -> 0
A25: Notes:
A26: 1. Cost format A may be revised as required to be consistent with the contractor's approved accounting system.
A27: 2. The numbers contained in the RFP Exhibit are examples only -- remove or replace in proposal.
A28: 3. The Period of Performance (PoP) for CLIN 0002 is 18 Months. The offeror shall fill out the above model for the applicable PoP.
A29: 4. Total Cost and Fee shall roll into Format D CLIN 0002 pricing.
A30: 5. The proposed material costs shall match the prices proposed in the Consolidated Bill of Material as referenced in Section L Volume VI.

Sheet Format A CLIN 0003
A3: HH-60W Degraded Visual Environment System Verification Installation Kit
A4: CLIN 0003 | B4: Basic (CLIN 0003) | N4: 0003 Total
B5: 2027 | E5: 2028 | H5: 2029
A7: DIRECT MATERIAL | D7: 0 | G7: 0 | J7: 0 | M7: 0 | N7: =M7+J7+G7+D7 -> 0
A8: MATERIAL OVERHEAD | B8: 0 | C8: 0 | D8: =B8*C8 -> 0 | E8: 0 | F8: 0 | G8: =E8*F8 -> 0 | H8: 0 | I8: 0 | J8: =H8*I8 -> 0 | K8: 0 | L8: 0 | M8: =K8*L8 -> 0 | N8: =M8+J8+G8+D8 -> 0
A9: TOTAL MATERIAL | D9: =SUM(D7:D8) -> 0 | G9: =SUM(G7:G8) -> 0 | J9: =SUM(J7:J8) -> 0 | M9: =SUM(M7:M8) -> 0 | N9: =SUM(N7:N8) -> 0
A11: G&A | B11: 0 | C11: 0 | D11: =B11*C11 -> 0 | E11: 0 | F11: 0 | G11: =E11*F11 -> 0 | H11: 0 | I11: 0 | J11: =H11*I11 -> 0 | K11: 0 | L11: 0 | M11: =K11*L11 -> 0 | N11: =M11+J11+G11+D11 -> 0
A13: SUBTOTAL COST | D13: =D9+D11 -> 0 | G13: =G11+G9 -> 0 | J13: =J11+J9 -> 0 | M13: =M11+M9 -> 0 | N13: =N11+N9 -> 0
A15: FACILITIES CAPITAL COST OF MONEY
A16: G&A | B16: 0 | C16: 0 | D16: =B16*C16 -> 0 | E16: 0 | F16: 0 | G16: =E16*F16 -> 0 | H16: 0 | I16: 0 | J16: =H16*I16 -> 0 | K16: 0 | L16: 0 | M16: =K16*L16 -> 0 | N16: =M16+J16+G16+D16 -> 0
A17: TOTAL FCCM | D17: =SUM(D16:D16) -> 0 | G17: =SUM(G16:G16) -> 0 | J17: =SUM(J16:J16) -> 0 | M17: =SUM(M16:M16) -> 0 | N17: =SUM(N16:N16) -> 0
A19: TOTAL COST | D19: =D13+D17 -> 0 | G19: =G13+G17 -> 0 | J19: =J13+J17 -> 0 | M19: =M13+M17 -> 0 | N19: =N13+N17 -> 0
A21: FIXED FEE | B21: =D13 -> 0 | C21: 0 | D21: =B21*C21 -> 0 | E21: =G13 -> 0 | F21: 0 | G21: =E21*F21 -> 0 | H21: =J13 -> 0 | I21: 0 | J21: =H21*I21 -> 0 | K21: =M13 -> 0 | L21: 0 | M21: =K21*L21 -> 0 | N21: =M21+J21+G21+D21 -> 0
A24: TOTAL PRICE | D24: =D19+D21 -> 0 | G24: =G19+G21 -> 0 | J24: =J19+J21 -> 0 | M24: =M19+M21 -> 0 | N24: =N19+N21 -> 0
A25: Notes:
A26: 1. Cost format A may be revised as required to be consistent with the contractor's approved accounting system.
A27: 2. The numbers contained in the RFP Exhibit are examples only -- remove or replace in proposal.
A28: 3. The Period of Performance (PoP) for CLIN 0003 is 24 Months. The offeror shall fill out the above model for the applicable PoP.
A29: 4. Total Cost and Fee shall roll into Format D CLIN 0003 pricing.
A30: 5. The proposed material costs shall match the prices proposed in the Consolidated Bill of Material as referenced in Section L Volume VI.

Sheet Format A CLIN 0004
A3: HH-60W Degraded Visual Environment System Lab/Simulator Kits
A4: CLIN 0004 | B4: Basic (CLIN 0004) | N4: 0004 Total
B5: 2027 | E5: 2028 | H5: 2029
A7: DIRECT MATERIAL | D7: 0 | G7: 0 | J7: 0 | M7: 0 | N7: =M7+J7+G7+D7 -> 0
A8: MATERIAL OVERHEAD | B8: 0 | C8: 0 | D8: =B8*C8 -> 0 | E8: 0 | F8: 0 | G8: =E8*F8 -> 0 | H8: 0 | I8: 0 | J8: =H8*I8 -> 0 | K8: 0 | L8: 0 | M8: =K8*L8 -> 0 | N8: =M8+J8+G8+D8 -> 0
A9: TOTAL MATERIAL | D9: =SUM(D7:D8) -> 0 | G9: =SUM(G7:G8) -> 0 | J9: =SUM(J7:J8) -> 0 | M9: =SUM(M7:M8) -> 0 | N9: =SUM(N7:N8) -> 0
A11: G&A | B11: 0 | C11: 0 | D11: =B11*C11 -> 0 | E11: 0 | F11: 0 | G11: =E11*F11 -> 0 | H11: 0 | I11: 0 | J11: =H11*I11 -> 0 | K11: 0 | L11: 0 | M11: =K11*L11 -> 0 | N11: =M11+J11+G11+D11 -> 0
A13: SUBTOTAL COST | D13: =D9+D11 -> 0 | G13: =G11+G9 -> 0 | J13: =J11+J9 -> 0 | M13: =M11+M9 -> 0 | N13: =N11+N9 -> 0
A15: FACILITIES CAPITAL COST OF MONEY
A16: G&A | B16: 0 | C16: 0 | D16: =B16*C16 -> 0 | E16: 0 | F16: 0 | G16: =E16*F16 -> 0 | H16: 0 | I16: 0 | J16: =H16*I16 -> 0 | K16: 0 | L16: 0 | M16: =K16*L16 -> 0 | N16: =M16+J16+G16+D16 -> 0
A17: TOTAL FCCM | D17: =SUM(D16:D16) -> 0 | G17: =SUM(G16:G16) -> 0 | J17: =SUM(J16:J16) -> 0 | M17: =SUM(M16:M16) -> 0 | N17: =SUM(N16:N16) -> 0
A19: TOTAL COST | D19: =D13+D17 -> 0 | G19: =G13+G17 -> 0 | J19: =J13+J17 -> 0 | M19: =M13+M17 -> 0 | N19: =N13+N17 -> 0
A21: FIXED FEE | B21: =D13 -> 0 | C21: 0 | D21: =B21*C21 -> 0 | E21: =G13 -> 0 | F21: 0 | G21: =E21*F21 -> 0 | H21: =J13 -> 0 | I21: 0 | J21: =H21*I21 -> 0 | K21: =M13 -> 0 | L21: 0 | M21: =K21*L21 -> 0 | N21: =M21+J21+G21+D21 -> 0
A24: TOTAL PRICE | D24: =D19+D21 -> 0 | G24: =G19+G21 -> 0 | J24: =J19+J21 -> 0 | M24: =M19+M21 -> 0 | N24: =N19+N21 -> 0
A25: Notes:
A26: 1. Cost format A may be revised as required to be consistent with the contractor's approved accounting system.
A27: 2. The numbers contained in the RFP Exhibit are examples only -- remove or replace in proposal.
A28: 3. The Period of Performance (PoP) for CLIN 0004 is 18 Months. The offeror shall fill out the above model for the applicable PoP.
A29: 4. Total Cost and Fee shall roll into Format D CLIN 0004 pricing.
A30: 5. The proposed material costs shall match the prices proposed in the Consolidated Bill of Material as referenced in Section L Volume VI.

Sheet Format A CLIN 0005
A2: HH-60W Degraded Visual Environment System Protoype Installation Labor
A4: CLIN 0005 | B4: Basic (CLIN 0005) | N4: 0005 Total
B5: 2027 | E5: 2028 | H5: 2029
A6: COST/PRICE ELEMENT | B6: HOURS/BASE | C6: RATE | D6: 2027 Total | E6: HOURS/BASE | F6: RATE | G6: 2028 Total | H6: HOURS/BASE | I6: RATE | J6: 2029 Total | K6: HOURS/BASE | L6: RATE | M6: Total | N6: 0005 Total Amount
A7: DIRECT LABOR | B7: Labor Hours | E7: Labor Hours | H7: Labor Hours | K7: Labor Hours
A8: LABOR CATEGORY 1 | B8: 0 | C8: 0 | D8: =C8*B8 -> 0 | E8: 0 | F8: 0 | G8: =F8*E8 -> 0 | H8: 0 | I8: 0 | J8: =I8*H8 -> 0 | K8: 0 | L8: 0 | M8: =L8*K8 -> 0 | N8: =M8+J8+G8+D8 -> 0
A9: LABOR CATEGORY 2 | B9: 0 | C9: 0 | D9: =C9*B9 -> 0 | E9: 0 | F9: 0 | G9: =F9*E9 -> 0 | H9: 0 | I9: 0 | J9: =I9*H9 -> 0 | K9: 0 | L9: 0 | M9: =L9*K9 -> 0 | N9: =M9+J9+G9+D9 -> 0
A10: LABOR CATEGORY 3 | B10: 0 | C10: 0 | D10: =C10*B10 -> 0 | E10: 0 | F10: 0 | G10: =F10*E10 -> 0 | H10: 0 | I10: 0 | J10: =I10*H10 -> 0 | K10: 0 | L10: 0 | M10: =L10*K10 -> 0 | N10: =M10+J10+G10+D10 -> 0
A11: LABOR CATEGORY 4 | B11: 0 | C11: 0 | D11: =C11*B11 -> 0 | E11: 0 | F11: 0 | G11: =F11*E11 -> 0 | H11: 0 | I11: 0 | J11: =I11*H11 -> 0 | K11: 0 | L11: 0 | M11: =L11*K11 -> 0 | N11: =M11+J11+G11+D11 -> 0
A12: LABOR CATEGORY 5 | B12: 0 | C12: 0 | D12: =C12*B12 -> 0 | E12: 0 | F12: 0 | G12: =F12*E12 -> 0 | H12: 0 | I12: 0 | J12: =I12*H12 -> 0 | K12: 0 | L12: 0 | M12: =L12*K12 -> 0 | N12: =M12+J12+G12+D12 -> 0
A13: LABOR CATEGORY 6 | B13: 0 | C13: 0 | D13: =C13*B13 -> 0 | E13: 0 | F13: 0 | G13: =F13*E13 -> 0 | H13: 0 | I13: 0 | J13: =I13*H13 -> 0 | K13: 0 | L13: 0 | M13: =L13*K13 -> 0 | N13: =M13+J13+G13+D13 -> 0
A14: LABOR CATEGORY 7 | B14: 0 | C14: 0 | D14: =C14*B14 -> 0 | E14: 0 | F14: 0 | G14: =F14*E14 -> 0 | H14: 0 | I14: 0 | J14: =I14*H14 -> 0 | K14: 0 | L14: 0 | M14: =L14*K14 -> 0 | N14: =M14+J14+G14+D14 -> 0
A15: LABOR CATEGORY 8 | B15: 0 | C15: 0 | D15: =C15*B15 -> 0 | E15: 0 | F15: 0 | G15: =F15*E15 -> 0 | H15: 0 | I15: 0 | J15: =I15*H15 -> 0 | K15: 0 | L15: 0 | M15: =L15*K15 -> 0 | N15: =M15+J15+G15+D15 -> 0
A16: LABOR CATEGORY 9 | B16: 0 | C16: 0 | D16: =C16*B16 -> 0 | E16: 0 | F16: 0 | G16: =F16*E16 -> 0 | H16: 0 | I16: 0 | J16: =I16*H16 -> 0 | K16: 0 | L16: 0 | M16: =L16*K16 -> 0 | N16: =M16+J16+G16+D16 -> 0
A17: LABOR CATEGORY 10 | B17: 0 | C17: 0 | D17: =C17*B17 -> 0 | E17: 0 | F17: 0 | G17: =F17*E17 -> 0 | H17: 0 | I17: 0 | J17: =I17*H17 -> 0 | K17: 0 | L17: 0 | M17: =L17*K17 -> 0 | N17: =M17+J17+G17+D17 -> 0
A18: LABOR CATEGORY 11 | B18: 0 | C18: 0 | D18: =C18*B18 -> 0 | E18: 0 | F18: 0 | G18: =F18*E18 -> 0 | H18: 0 | I18: 0 | J18: =I18*H18 -> 0 | K18: 0 | L18: 0 | M18: =L18*K18 -> 0 | N18: =M18+J18+G18+D18 -> 0
A19: LABOR CATEGORY 12 | B19: 0 | C19: 0 | D19: =C19*B19 -> 0 | E19: 0 | F19: 0 | G19: =F19*E19 -> 0 | H19: 0 | I19: 0 | J19: =I19*H19 -> 0 | K19: 0 | L19: 0 | M19: =L19*K19 -> 0 | N19: =M19+J19+G19+D19 -> 0
A20: TOTAL DIRECT LABOR | B20: =SUM(B8:B19) -> 0 | D20: =SUM(D8:D19) -> 0 | E20: =SUM(E8:E19) -> 0 | G20: =SUM(G8:G19) -> 0 | H20: =SUM(H8:H19) -> 0 | J20: =SUM(J8:J19) -> 0 | K20: =SUM(K8:K19) -> 0 | M20: =SUM(M8:M19) -> 0 | N20: =SUM(N8:N19) -> 0
A22: ENG OVERHEAD | B22: 0 | C22: 0 | D22: =B22*C22 -> 0 | E22: 0 | F22: 0 | G22: =E22*F22 -> 0 | H22: 0 | I22: 0 | J22: =H22*I22 -> 0 | K22: 0 | L22: 0 | M22: =K22*L22 -> 0 | N22: =M22+J22+G22+D22 -> 0
A23: FLD OVERHEAD | B23: 0 | C23: 0 | D23: =B23*C23 -> 0 | E23: 0 | F23: 0 | G23: =E23*F23 -> 0 | H23: 0 | I23: 0 | J23: =H23*I23 -> 0 | K23: 0 | L23: 0 | M23: =K23*L23 -> 0 | N23: =M23+J23+G23+D23 -> 0
A24: MFG OVERHEAD | B24: 0 | C24: 0 | D24: =B24*C24 -> 0 | E24: 0 | F24: 0 | G24: =E24*F24 -> 0 | H24: 0 | I24: 0 | J24: =H24*I24 -> 0 | K24: 0 | L24: 0 | M24: =K24*L24 -> 0 | N24: =M24+J24+G24+D24 -> 0
A25: TOTAL INDIRECT LABOR EXPENSE | D25: =SUM(D22:D24) -> 0 | E25: 0 | G25: =SUM(G22:G24) -> 0 | J25: =SUM(J22:J24) -> 0 | M25: =SUM(M22:M24) -> 0 | N25: =SUM(N22:N24) -> 0
A27: SUB-TIER VENDOR (SUBCONTRACTOR/INTERCOMPANY/TEAMMATE)
A28: SUB-TIER VENDOR 1 | D28: 0 | G28: 0 | J28: 0 | M28: 0 | N28: =M28+J28+G28+D28 -> 0
A29: SUB-TIER VENDOR 2 | D29: 0 | G29: 0 | J29: 0 | M29: 0 | N29: =M29+J29+G29+D29 -> 0
A30: SUB-TIER VENDOR 3 | D30: 0 | G30: 0 | J30: 0 | M30: 0 | N30: =M30+J30+G30+D30 -> 0
A31: TOTAL SUB-TIER VENDOR COSTS/PRICES | D31: =SUM(D28:D30) -> 0 | G31: =SUM(G28:G30) -> 0 | J31: =SUM(J28:J30) -> 0 | M31: =SUM(M28:M30) -> 0 | N31: =SUM(N28:N30) -> 0
A32: SUBTOTAL | D32: =D20+D25+D31 -> 0 | G32: =G20+G25+G31 -> 0 | J32: =J20+J25+J31 -> 0 | M32: =M20+M25+M31 -> 0 | N32: =M32+J32+G32+D32 -> 0
A34: G&A | B34: 0 | C34: 0 | D34: =B34*C34 -> 0 | E34: 0 | F34: 0 | G34: =E34*F34 -> 0 | H34: 0 | I34: 0 | J34: =H34*I34 -> 0 | K34: 0 | L34: 0 | M34: =K34*L34 -> 0 | N34: =M34+J34+G34+D34 -> 0
A36: SUBTOTAL COST | D36: =D32+D34 -> 0 | G36: =G32+G34 -> 0 | J36: =J32+J34 -> 0 | M36: =M32+M34 -> 0 | N36: =N32+N34 -> 0
A38: FACILITIES CAPITAL COST OF MONEY
A39: ENG DIRECT LABOR | B39: 0 | C39: 0 | D39: =B39*C39 -> 0 | E39: 0 | F39: 0 | G39: =E39*F39 -> 0 | H39: 0 | I39: 0 | J39: =H39*I39 -> 0 | K39: 0 | L39: 0 | M39: =K39*L39 -> 0 | N39: =M39+J39+G39+D39 -> 0
A40: FLD DIRECT LABOR | B40: 0 | C40: 0 | D40: =B40*C40 -> 0 | E40: 0 | F40: 0 | G40: =E40*F40 -> 0 | H40: 0 | I40: 0 | J40: =H40*I40 -> 0 | K40: 0 | L40: 0 | M40: =K40*L40 -> 0 | N40: =M40+J40+G40+D40 -> 0
A41: MFG DIRECT LABOR | B41: 0 | C41: 0 | D41: =B41*C41 -> 0 | E41: 0 | F41: 0 | G41: =E41*F41 -> 0 | H41: 0 | I41: 0 | J41: =H41*I41 -> 0 | K41: 0 | L41: 0 | M41: =K41*L41 -> 0 | N41: =M41+J41+G41+D41 -> 0
A42: G&A | B42: 0 | C42: 0 | D42: =B42*C42 -> 0 | E42: 0 | F42: 0 | G42: =E42*F42 -> 0 | H42: 0 | I42: 0 | J42: =H42*I42 -> 0 | K42: 0 | L42: 0 | M42: =K42*L42 -> 0 | N42: =M42+J42+G42+D42 -> 0
A43: TOTAL FCCM | D43: =SUM(D39:D42) -> 0 | G43: =SUM(G39:G42) -> 0 | J43: =SUM(J39:J42) -> 0 | M43: =SUM(M39:M42) -> 0 | N43: =SUM(N39:N42) -> 0
A45: TOTAL COST | D45: =D36+D43 -> 0 | G45: =G36+G43 -> 0 | J45: =J36+J43 -> 0 | M45: =M36+M43 -> 0 | N45: =N36+N43 -> 0
B46: =#REF! -> #REF! | H46: =#REF! -> #REF!
A47: FIXED FEE | B47: =D36 -> 0 | C47: 0 | D47: =B47*C47 -> 0 | E47: =G36 -> 0 | F47: 0 | G47: =E47*F47 -> 0 | H47: =J36 -> 0 | I47: 0 | J47: =H47*I47 -> 0 | K47: =M36 -> 0 | L47: 0 | M47: =K47*L47 -> 0 | N47: =M47+J47+G47+D47 -> 0
B48: =#REF! -> #REF! | H48: =#REF! -> #REF!
A50: TOTAL PRICE | D50: =D45+D47 -> 0 | G50: =G45+G47 -> 0 | J50: =J45+J47 -> 0 | M50: =M45+M47 -> 0 | N50: =N45+N47 -> 0
A51: Notes:
A52: 1. Cost format A may be revised as required to be consistent with the contractor's approved accounting system.
A53: 2. The numbers contained in the RFP Exhibit are examples only -- remove or replace in proposal.
A54: 3. The Period of Performance (PoP) for CLIN 0005 is 24 Months. The offeror shall fill out the above model for the applicable PoP.
A55: 4. The Offeror shall add the applicable labor categories above.
A56: 5. Total Cost and Fee shall roll into Format D CLIN 0005 pricing.

Sheet Format A CLIN 0006
A2: HH-60W Degraded Visual Environment System Verification Installation Labor
A4: CLIN 0006 | B4: Basic (CLIN 0006) | N4: 0006 Total
B5: 2027 | E5: 2028 | H5: 2029
A6: COST/PRICE ELEMENT | B6: HOURS/BASE | C6: RATE | D6: 2027 Total | E6: HOURS/BASE | F6: RATE | G6: 2028 Total | H6: HOURS/BASE | I6: RATE | J6: 2029 Total | K6: HOURS/BASE | L6: RATE | M6: Total | N6: 0006 Total Amount
A7: DIRECT LABOR | B7: Labor Hours | E7: Labor Hours | H7: Labor Hours | K7: Labor Hours
A8: LABOR CATEGORY 1 | B8: 0 | C8: 0 | D8: =C8*B8 -> 0 | E8: 0 | F8: 0 | G8: =F8*E8 -> 0 | H8: 0 | I8: 0 | J8: =I8*H8 -> 0 | K8: 0 | L8: 0 | M8: =L8*K8 -> 0 | N8: =M8+J8+G8+D8 -> 0
A9: LABOR CATEGORY 2 | B9: 0 | C9: 0 | D9: =C9*B9 -> 0 | E9: 0 | F9: 0 | G9: =F9*E9 -> 0 | H9: 0 | I9: 0 | J9: =I9*H9 -> 0 | K9: 0 | L9: 0 | M9: =L9*K9 -> 0 | N9: =M9+J9+G9+D9 -> 0
A10: LABOR CATEGORY 3 | B10: 0 | C10: 0 | D10: =C10*B10 -> 0 | E10: 0 | F10: 0 | G10: =F10*E10 -> 0 | H10: 0 | I10: 0 | J10: =I10*H10 -> 0 | K10: 0 | L10: 0 | M10: =L10*K10 -> 0 | N10: =M10+J10+G10+D10 -> 0
A11: LABOR CATEGORY 4 | B11: 0 | C11: 0 | D11: =C11*B11 -> 0 | E11: 0 | F11: 0 | G11: =F11*E11 -> 0 | H11: 0 | I11: 0 | J11: =I11*H11 -> 0 | K11: 0 | L11: 0 | M11: =L11*K11 -> 0 | N11: =M11+J11+G11+D11 -> 0
A12: LABOR CATEGORY 5 | B12: 0 | C12: 0 | D12: =C12*B12 -> 0 | E12: 0 | F12: 0 | G12: =F12*E12 -> 0 | H12: 0 | I12: 0 | J12: =I12*H12 -> 0 | K12: 0 | L12: 0 | M12: =L12*K12 -> 0 | N12: =M12+J12+G12+D12 -> 0
A13: LABOR CATEGORY 6 | B13: 0 | C13: 0 | D13: =C13*B13 -> 0 | E13: 0 | F13: 0 | G13: =F13*E13 -> 0 | H13: 0 | I13: 0 | J13: =I13*H13 -> 0 | K13: 0 | L13: 0 | M13: =L13*K13 -> 0 | N13: =M13+J13+G13+D13 -> 0
A14: LABOR CATEGORY 7 | B14: 0 | C14: 0 | D14: =C14*B14 -> 0 | E14: 0 | F14: 0 | G14: =F14*E14 -> 0 | H14: 0 | I14: 0 | J14: =I14*H14 -> 0 | K14: 0 | L14: 0 | M14: =L14*K14 -> 0 | N14: =M14+J14+G14+D14 -> 0
A15: LABOR CATEGORY 8 | B15: 0 | C15: 0 | D15: =C15*B15 -> 0 | E15: 0 | F15: 0 | G15: =F15*E15 -> 0 | H15: 0 | I15: 0 | J15: =I15*H15 -> 0 | K15: 0 | L15: 0 | M15: =L15*K15 -> 0 | N15: =M15+J15+G15+D15 -> 0
A16: LABOR CATEGORY 9 | B16: 0 | C16: 0 | D16: =C16*B16 -> 0 | E16: 0 | F16: 0 | G16: =F16*E16 -> 0 | H16: 0 | I16: 0 | J16: =I16*H16 -> 0 | K16: 0 | L16: 0 | M16: =L16*K16 -> 0 | N16: =M16+J16+G16+D16 -> 0
A17: LABOR CATEGORY 10 | B17: 0 | C17: 0 | D17: =C17*B17 -> 0 | E17: 0 | F17: 0 | G17: =F17*E17 -> 0 | H17: 0 | I17: 0 | J17: =I17*H17 -> 0 | K17: 0 | L17: 0 | M17: =L17*K17 -> 0 | N17: =M17+J17+G17+D17 -> 0
A18: LABOR CATEGORY 11 | B18: 0 | C18: 0 | D18: =C18*B18 -> 0 | E18: 0 | F18: 0 | G18: =F18*E18 -> 0 | H18: 0 | I18: 0 | J18: =I18*H18 -> 0 | K18: 0 | L18: 0 | M18: =L18*K18 -> 0 | N18: =M18+J18+G18+D18 -> 0
A19: LABOR CATEGORY 12 | B19: 0 | C19: 0 | D19: =C19*B19 -> 0 | E19: 0 | F19: 0 | G19: =F19*E19 -> 0 | H19: 0 | I19: 0 | J19: =I19*H19 -> 0 | K19: 0 | L19: 0 | M19: =L19*K19 -> 0 | N19: =M19+J19+G19+D19 -> 0
A20: TOTAL DIRECT LABOR | B20: =SUM(B8:B19) -> 0 | D20: =SUM(D8:D19) -> 0 | E20: =SUM(E8:E19) -> 0 | G20: =SUM(G8:G19) -> 0 | H20: =SUM(H8:H19) -> 0 | J20: =SUM(J8:J19) -> 0 | K20: =SUM(K8:K19) -> 0 | M20: =SUM(M8:M19) -> 0 | N20: =SUM(N8:N19) -> 0
A22: ENG OVERHEAD | B22: 0 | C22: 0 | D22: =B22*C22 -> 0 | E22: 0 | F22: 0 | G22: =E22*F22 -> 0 | H22: 0 | I22: 0 | J22: =H22*I22 -> 0 | K22: 0 | L22: 0 | M22: =K22*L22 -> 0 | N22: =M22+J22+G22+D22 -> 0
A23: FLD OVERHEAD | B23: 0 | C23: 0 | D23: =B23*C23 -> 0 | E23: 0 | F23: 0 | G23: =E23*F23 -> 0 | H23: 0 | I23: 0 | J23: =H23*I23 -> 0 | K23: 0 | L23: 0 | M23: =K23*L23 -> 0 | N23: =M23+J23+G23+D23 -> 0
A24: MFG OVERHEAD | B24: 0 | C24: 0 | D24: =B24*C24 -> 0 | E24: 0 | F24: 0 | G24: =E24*F24 -> 0 | H24: 0 | I24: 0 | J24: =H24*I24 -> 0 | K24: 0 | L24: 0 | M24: =K24*L24 -> 0 | N24: =M24+J24+G24+D24 -> 0
A25: TOTAL INDIRECT LABOR EXPENSE | D25: =SUM(D22:D24) -> 0 | E25: 0 | G25: =SUM(G22:G24) -> 0 | J25: =SUM(J22:J24) -> 0 | M25: =SUM(M22:M24) -> 0 | N25: =SUM(N22:N24) -> 0
A27: SUB-TIER VENDOR (SUBCONTRACTOR/INTERCOMPANY/TEAMMATE)
A28: SUB-TIER VENDOR 1 | D28: 0 | G28: 0 | J28: 0 | M28: 0 | N28: =M28+J28+G28+D28 -> 0
A29: SUB-TIER VENDOR 2 | D29: 0 | G29: 0 | J29: 0 | M29: 0 | N29: =M29+J29+G29+D29 -> 0
A30: SUB-TIER VENDOR 3 | D30: 0 | G30: 0 | J30: 0 | M30: 0 | N30: =M30+J30+G30+D30 -> 0
A31: TOTAL SUB-TIER VENDOR COSTS/PRICES | D31: =SUM(D28:D30) -> 0 | G31: =SUM(G28:G30) -> 0 | J31: =SUM(J28:J30) -> 0 | M31: =SUM(M28:M30) -> 0 | N31: =SUM(N28:N30) -> 0
A32: SUBTOTAL | D32: =D20+D25+D31 -> 0 | G32: =G20+G25+G31 -> 0 | J32: =J20+J25+J31 -> 0 | M32: =M20+M25+M31 -> 0 | N32: =M32+J32+G32+D32 -> 0
A34: G&A | B34: 0 | C34: 0 | D34: =B34*C34 -> 0 | E34: 0 | F34: 0 | G34: =E34*F34 -> 0 | H34: 0 | I34: 0 | J34: =H34*I34 -> 0 | K34: 0 | L34: 0 | M34: =K34*L34 -> 0 | N34: =M34+J34+G34+D34 -> 0
A36: SUBTOTAL COST | D36: =D32+D34 -> 0 | G36: =G32+G34 -> 0 | J36: =J32+J34 -> 0 | M36: =M32+M34 -> 0 | N36: =N32+N34 -> 0
A38: FACILITIES CAPITAL COST OF MONEY
A39: ENG DIRECT LABOR | B39: 0 | C39: 0 | D39: =B39*C39 -> 0 | E39: 0 | F39: 0 | G39: =E39*F39 -> 0 | H39: 0 | I39: 0 | J39: =H39*I39 -> 0 | K39: 0 | L39: 0 | M39: =K39*L39 -> 0 | N39: =M39+J39+G39+D39 -> 0
A40: FLD DIRECT LABOR | B40: 0 | C40: 0 | D40: =B40*C40 -> 0 | E40: 0 | F40: 0 | G40: =E40*F40 -> 0 | H40: 0 | I40: 0 | J40: =H40*I40 -> 0 | K40: 0 | L40: 0 | M40: =K40*L40 -> 0 | N40: =M40+J40+G40+D40 -> 0
A41: MFG DIRECT LABOR | B41: 0 | C41: 0 | D41: =B41*C41 -> 0 | E41: 0 | F41: 0 | G41: =E41*F41 -> 0 | H41: 0 | I41: 0 | J41: =H41*I41 -> 0 | K41: 0 | L41: 0 | M41: =K41*L41 -> 0 | N41: =M41+J41+G41+D41 -> 0
A42: G&A | B42: 0 | C42: 0 | D42: =B42*C42 -> 0 | E42: 0 | F42: 0 | G42: =E42*F42 -> 0 | H42: 0 | I42: 0 | J42: =H42*I42 -> 0 | K42: 0 | L42: 0 | M42: =K42*L42 -> 0 | N42: =M42+J42+G42+D42 -> 0
A43: TOTAL FCCM | D43: =SUM(D39:D42) -> 0 | G43: =SUM(G39:G42) -> 0 | J43: =SUM(J39:J42) -> 0 | M43: =SUM(M39:M42) -> 0 | N43: =SUM(N39:N42) -> 0
A45: TOTAL COST | D45: =D36+D43 -> 0 | G45: =G36+G43 -> 0 | J45: =J36+J43 -> 0 | M45: =M36+M43 -> 0 | N45: =N36+N43 -> 0
B46: =#REF! -> #REF! | H46: =#REF! -> #REF!
A47: FIXED FEE | B47: =D36 -> 0 | C47: 0 | D47: =B47*C47 -> 0 | E47: =G36 -> 0 | F47: 0 | G47: =E47*F47 -> 0 | H47: =J36 -> 0 | I47: 0 | J47: =H47*I47 -> 0 | K47: =M36 -> 0 | L47: 0 | M47: =K47*L47 -> 0 | N47: =M47+J47+G47+D47 -> 0
B48: =#REF! -> #REF! | H48: =#REF! -> #REF!
A50: TOTAL PRICE | D50: =D45+D47 -> 0 | G50: =G45+G47 -> 0 | J50: =J45+J47 -> 0 | M50: =M45+M47 -> 0 | N50: =N45+N47 -> 0
A51: Notes:
A52: 1. Cost format A may be revised as required to be consistent with the contractor's approved accounting system.
A53: 2. The numbers contained in the RFP Exhibit are examples only -- remove or replace in proposal.
A54: 3. The Period of Performance (PoP) for CLIN 0006 is 24 Months. The offeror shall fill out the above model for the applicable PoP.
A55: 4. The Offeror shall add the applicable labor categories above.
A56: 5. Total Cost and Fee shall roll into Format D CLIN 0006 pricing.

Sheet Format A CLIN 1001
A2: HH-60W Degraded Visual Environment System Non Recurring Engineering
A4: CLIN 1001 | B4: Ordering Period 1 (CLIN 1001) | N4: 1001 Total
B5: 2029 | E5: 2030 | H5: 2031
A6: COST/PRICE ELEMENT | B6: HOURS/BASE | C6: RATE | D6: 2029 Total | E6: HOURS/BASE | F6: RATE | G6: 2030 Total | H6: HOURS/BASE | I6: RATE | J6: 2031 Total | K6: HOURS/BASE | L6: RATE | M6: Total | N6: 1001 Total Amount
A7: DIRECT LABOR | B7: Labor Hours | E7: Labor Hours | H7: Labor Hours | K7: Labor Hours
A8: LABOR CATEGORY 1 | B8: 0 | C8: 0 | D8: =C8*B8 -> 0 | E8: 0 | F8: 0 | G8: =F8*E8 -> 0 | H8: 0 | I8: 0 | J8: =I8*H8 -> 0 | K8: 0 | L8: 0 | M8: =L8*K8 -> 0 | N8: =M8+J8+G8+D8 -> 0
A9: LABOR CATEGORY 2 | B9: 0 | C9: 0 | D9: =C9*B9 -> 0 | E9: 0 | F9: 0 | G9: =F9*E9 -> 0 | H9: 0 | I9: 0 | J9: =I9*H9 -> 0 | K9: 0 | L9: 0 | M9: =L9*K9 -> 0 | N9: =M9+J9+G9+D9 -> 0
A10: LABOR CATEGORY 3 | B10: 0 | C10: 0 | D10: =C10*B10 -> 0 | E10: 0 | F10: 0 | G10: =F10*E10 -> 0 | H10: 0 | I10: 0 | J10: =I10*H10 -> 0 | K10: 0 | L10: 0 | M10: =L10*K10 -> 0 | N10: =M10+J10+G10+D10 -> 0
A11: LABOR CATEGORY 4 | B11: 0 | C11: 0 | D11: =C11*B11 -> 0 | E11: 0 | F11: 0 | G11: =F11*E11 -> 0 | H11: 0 | I11: 0 | J11: =I11*H11 -> 0 | K11: 0 | L11: 0 | M11: =L11*K11 -> 0 | N11: =M11+J11+G11+D11 -> 0
A12: LABOR CATEGORY 5 | B12: 0 | C12: 0 | D12: =C12*B12 -> 0 | E12: 0 | F12: 0 | G12: =F12*E12 -> 0 | H12: 0 | I12: 0 | J12: =I12*H12 -> 0 | K12: 0 | L12: 0 | M12: =L12*K12 -> 0 | N12: =M12+J12+G12+D12 -> 0
A13: LABOR CATEGORY 6 | B13: 0 | C13: 0 | D13: =C13*B13 -> 0 | E13: 0 | F13: 0 | G13: =F13*E13 -> 0 | H13: 0 | I13: 0 | J13: =I13*H13 -> 0 | K13: 0 | L13: 0 | M13: =L13*K13 -> 0 | N13: =M13+J13+G13+D13 -> 0
A14: LABOR CATEGORY 7 | B14: 0 | C14: 0 | D14: =C14*B14 -> 0 | E14: 0 | F14: 0 | G14: =F14*E14 -> 0 | H14: 0 | I14: 0 | J14: =I14*H14 -> 0 | K14: 0 | L14: 0 | M14: =L14*K14 -> 0 | N14: =M14+J14+G14+D14 -> 0
A15: LABOR CATEGORY 8 | B15: 0 | C15: 0 | D15: =C15*B15 -> 0 | E15: 0 | F15: 0 | G15: =F15*E15 -> 0 | H15: 0 | I15: 0 | J15: =I15*H15 -> 0 | K15: 0 | L15: 0 | M15: =L15*K15 -> 0 | N15: =M15+J15+G15+D15 -> 0
A16: LABOR CATEGORY 9 | B16: 0 | C16: 0 | D16: =C16*B16 -> 0 | E16: 0 | F16: 0 | G16: =F16*E16 -> 0 | H16: 0 | I16: 0 | J16: =I16*H16 -> 0 | K16: 0 | L16: 0 | M16: =L16*K16 -> 0 | N16: =M16+J16+G16+D16 -> 0
A17: LABOR CATEGORY 10 | B17: 0 | C17: 0 | D17: =C17*B17 -> 0 | E17: 0 | F17: 0 | G17: =F17*E17 -> 0 | H17: 0 | I17: 0 | J17: =I17*H17 -> 0 | K17: 0 | L17: 0 | M17: =L17*K17 -> 0 | N17: =M17+J17+G17+D17 -> 0
A18: LABOR CATEGORY 11 | B18: 0 | C18: 0 | D18: =C18*B18 -> 0 | E18: 0 | F18: 0 | G18: =F18*E18 -> 0 | H18: 0 | I18: 0 | J18: =I18*H18 -> 0 | K18: 0 | L18: 0 | M18: =L18*K18 -> 0 | N18: =M18+J18+G18+D18 -> 0
A19: LABOR CATEGORY 12 | B19: 0 | C19: 0 | D19: =C19*B19 -> 0 | E19: 0 | F19: 0 | G19: =F19*E19 -> 0 | H19: 0 | I19: 0 | J19: =I19*H19 -> 0 | K19: 0 | L19: 0 | M19: =L19*K19 -> 0 | N19: =M19+J19+G19+D19 -> 0
A20: TOTAL DIRECT LABOR | B20: =SUM(B8:B19) -> 0 | D20: =SUM(D8:D19) -> 0 | E20: =SUM(E8:E19) -> 0 | G20: =SUM(G8:G19) -> 0 | H20: =SUM(H8:H19) -> 0 | J20: =SUM(J8:J19) -> 0 | K20: =SUM(K8:K19) -> 0 | M20: =SUM(M8:M19) -> 0 | N20: =SUM(N8:N19) -> 0
A22: ENG OVERHEAD | B22: 0 | C22: 0 | D22: =B22*C22 -> 0 | E22: 0 | F22: 0 | G22: =E22*F22 -> 0 | H22: 0 | I22: 0 | J22: =H22*I22 -> 0 | K22: 0 | L22: 0 | M22: =K22*L22 -> 0 | N22: =M22+J22+G22+D22 -> 0
A23: FLD OVERHEAD | B23: 0 | C23: 0 | D23: =B23*C23 -> 0 | E23: 0 | F23: 0 | G23: =E23*F23 -> 0 | H23: 0 | I23: 0 | J23: =H23*I23 -> 0 | K23: 0 | L23: 0 | M23: =K23*L23 -> 0 | N23: =M23+J23+G23+D23 -> 0
A24: MFG OVERHEAD | B24: 0 | C24: 0 | D24: =B24*C24 -> 0 | E24: 0 | F24: 0 | G24: =E24*F24 -> 0 | H24: 0 | I24: 0 | J24: =H24*I24 -> 0 | K24: 0 | L24: 0 | M24: =K24*L24 -> 0 | N24: =M24+J24+G24+D24 -> 0
A25: TOTAL INDIRECT LABOR EXPENSE | D25: =SUM(D22:D24) -> 0 | E25: 0 | G25: =SUM(G22:G24) -> 0 | J25: =SUM(J22:J24) -> 0 | M25: =SUM(M22:M24) -> 0 | N25: =SUM(N22:N24) -> 0
A27: SUB-TIER VENDOR (SUBCONTRACTOR/INTERCOMPANY/TEAMMATE)
A28: SUB-TIER VENDOR 1 | D28: 0 | G28: 0 | J28: 0 | M28: 0 | N28: =M28+J28+G28+D28 -> 0
A29: SUB-TIER VENDOR 2 | D29: 0 | G29: 0 | J29: 0 | M29: 0 | N29: =M29+J29+G29+D29 -> 0
A30: SUB-TIER VENDOR 3 | D30: 0 | G30: 0 | J30: 0 | M30: 0 | N30: =M30+J30+G30+D30 -> 0
A31: TOTAL SUB-TIER VENDOR COSTS/PRICES | D31: =SUM(D28:D30) -> 0 | G31: =SUM(G28:G30) -> 0 | J31: =SUM(J28:J30) -> 0 | M31: =SUM(M28:M30) -> 0 | N31: =SUM(N28:N30) -> 0
A32: SUBTOTAL | D32: =D20+D25+D31 -> 0 | G32: =G20+G25+G31 -> 0 | J32: =J20+J25+J31 -> 0 | M32: =M20+M25+M31 -> 0 | N32: =M32+J32+G32+D32 -> 0
A34: G&A | B34: 0 | C34: 0 | D34: =B34*C34 -> 0 | E34: 0 | F34: 0 | G34: =E34*F34 -> 0 | H34: 0 | I34: 0 | J34: =H34*I34 -> 0 | K34: 0 | L34: 0 | M34: =K34*L34 -> 0 | N34: =M34+J34+G34+D34 -> 0
A36: SUBTOTAL COST | D36: =D32+D34 -> 0 | G36: =G32+G34 -> 0 | J36: =J32+J34 -> 0 | M36: =M32+M34 -> 0 | N36: =N32+N34 -> 0
A38: FACILITIES CAPITAL COST OF MONEY
A39: ENG DIRECT LABOR | B39: 0 | C39: 0 | D39: =B39*C39 -> 0 | E39: 0 | F39: 0 | G39: =E39*F39 -> 0 | H39: 0 | I39: 0 | J39: =H39*I39 -> 0 | K39: 0 | L39: 0 | M39: =K39*L39 -> 0 | N39: =M39+J39+G39+D39 -> 0
A40: FLD DIRECT LABOR | B40: 0 | C40: 0 | D40: =B40*C40 -> 0 | E40: 0 | F40: 0 | G40: =E40*F40 -> 0 | H40: 0 | I40: 0 | J40: =H40*I40 -> 0 | K40: 0 | L40: 0 | M40: =K40*L40 -> 0 | N40: =M40+J40+G40+D40 -> 0
A41: MFG DIRECT LABOR | B41: 0 | C41: 0 | D41: =B41*C41 -> 0 | E41: 0 | F41: 0 | G41: =E41*F41 -> 0 | H41: 0 | I41: 0 | J41: =H41*I41 -> 0 | K41: 0 | L41: 0 | M41: =K41*L41 -> 0 | N41: =M41+J41+G41+D41 -> 0
A42: G&A | B42: 0 | C42: 0 | D42: =B42*C42 -> 0 | E42: 0 | F42: 0 | G42: =E42*F42 -> 0 | H42: 0 | I42: 0 | J42: =H42*I42 -> 0 | K42: 0 | L42: 0 | M42: =K42*L42 -> 0 | N42: =M42+J42+G42+D42 -> 0
A43: TOTAL FCCM | D43: =SUM(D39:D42) -> 0 | G43: =SUM(G39:G42) -> 0 | J43: =SUM(J39:J42) -> 0 | M43: =SUM(M39:M42) -> 0 | N43: =SUM(N39:N42) -> 0
A45: TOTAL COST | D45: =D36+D43 -> 0 | G45: =G36+G43 -> 0 | J45: =J36+J43 -> 0 | M45: =M36+M43 -> 0 | N45: =N36+N43 -> 0
B46: =#REF! -> #REF! | H46: =#REF! -> #REF!
A47: FIXED FEE | B47: =D36 -> 0 | C47: 0 | D47: =B47*C47 -> 0 | E47: =G36 -> 0 | F47: 0 | G47: =E47*F47 -> 0 | H47: =J36 -> 0 | I47: 0 | J47: =H47*I47 -> 0 | K47: =M36 -> 0 | L47: 0 | M47: =K47*L47 -> 0 | N47: =M47+J47+G47+D47 -> 0
B48: =#REF! -> #REF! | H48: =#REF! -> #REF!
A50: TOTAL PRICE | D50: =D45+D47 -> 0 | G50: =G45+G47 -> 0 | J50: =J45+J47 -> 0 | M50: =M45+M47 -> 0 | N50: =N45+N47 -> 0
A51: Notes:
A52: 1. Cost format A may be revised as required to be consistent with the contractor's approved accounting system.
A53: 2. The numbers contained in the RFP Exhibit are examples only -- remove or replace in proposal.
A54: 3. The Period of Performance (PoP) for CLIN 1001 is 12 Months. The offeror shall fill out the above model for the applicable PoP.
A55: 4. The Offeror shall add the applicable labor categories above.
A56: 5. Total Cost and Fee shall roll into Format D CLIN 1001 pricing.

Sheet Format A CLIN 1004
A2: HH-60W Degraded Visual Environment System Production Installation Labor
A4: CLIN 1004 | B4: Oredering Period 1 (CLIN 1004) | N4: 1004 Total
B5: 2029 | E5: 2030 | H5: 2031
A6: COST/PRICE ELEMENT | B6: HOURS/BASE | C6: RATE | D6: 2029 Total | E6: HOURS/BASE | F6: RATE | G6: 2030 Total | H6: HOURS/BASE | I6: RATE | J6: 2031 Total | K6: HOURS/BASE | L6: RATE | M6: Total | N6: 1004 Total Amount
A7: DIRECT LABOR | B7: Labor Hours | E7: Labor Hours | H7: Labor Hours | K7: Labor Hours
A8: LABOR CATEGORY 1 | B8: 0 | C8: 0 | D8: =C8*B8 -> 0 | E8: 0 | F8: 0 | G8: =F8*E8 -> 0 | H8: 0 | I8: 0 | J8: =I8*H8 -> 0 | K8: 0 | L8: 0 | M8: =L8*K8 -> 0 | N8: =M8+J8+G8+D8 -> 0
A9: LABOR CATEGORY 2 | B9: 0 | C9: 0 | D9: =C9*B9 -> 0 | E9: 0 | F9: 0 | G9: =F9*E9 -> 0 | H9: 0 | I9: 0 | J9: =I9*H9 -> 0 | K9: 0 | L9: 0 | M9: =L9*K9 -> 0 | N9: =M9+J9+G9+D9 -> 0
A10: LABOR CATEGORY 3 | B10: 0 | C10: 0 | D10: =C10*B10 -> 0 | E10: 0 | F10: 0 | G10: =F10*E10 -> 0 | H10: 0 | I10: 0 | J10: =I10*H10 -> 0 | K10: 0 | L10: 0 | M10: =L10*K10 -> 0 | N10: =M10+J10+G10+D10 -> 0
A11: LABOR CATEGORY 4 | B11: 0 | C11: 0 | D11: =C11*B11 -> 0 | E11: 0 | F11: 0 | G11: =F11*E11 -> 0 | H11: 0 | I11: 0 | J11: =I11*H11 -> 0 | K11: 0 | L11: 0 | M11: =L11*K11 -> 0 | N11: =M11+J11+G11+D11 -> 0
A12: LABOR CATEGORY 5 | B12: 0 | C12: 0 | D12: =C12*B12 -> 0 | E12: 0 | F12: 0 | G12: =F12*E12 -> 0 | H12: 0 | I12: 0 | J12: =I12*H12 -> 0 | K12: 0 | L12: 0 | M12: =L12*K12 -> 0 | N12: =M12+J12+G12+D12 -> 0
A13: LABOR CATEGORY 6 | B13: 0 | C13: 0 | D13: =C13*B13 -> 0 | E13: 0 | F13: 0 | G13: =F13*E13 -> 0 | H13: 0 | I13: 0 | J13: =I13*H13 -> 0 | K13: 0 | L13: 0 | M13: =L13*K13 -> 0 | N13: =M13+J13+G13+D13 -> 0
A14: LABOR CATEGORY 7 | B14: 0 | C14: 0 | D14: =C14*B14 -> 0 | E14: 0 | F14: 0 | G14: =F14*E14 -> 0 | H14: 0 | I14: 0 | J14: =I14*H14 -> 0 | K14: 0 | L14: 0 | M14: =L14*K14 -> 0 | N14: =M14+J14+G14+D14 -> 0
A15: LABOR CATEGORY 8 | B15: 0 | C15: 0 | D15: =C15*B15 -> 0 | E15: 0 | F15: 0 | G15: =F15*E15 -> 0 | H15: 0 | I15: 0 | J15: =I15*H15 -> 0 | K15: 0 | L15: 0 | M15: =L15*K15 -> 0 | N15: =M15+J15+G15+D15 -> 0
A16: LABOR CATEGORY 9 | B16: 0 | C16: 0 | D16: =C16*B16 -> 0 | E16: 0 | F16: 0 | G16: =F16*E16 -> 0 | H16: 0 | I16: 0 | J16: =I16*H16 -> 0 | K16: 0 | L16: 0 | M16: =L16*K16 -> 0 | N16: =M16+J16+G16+D16 -> 0
A17: LABOR CATEGORY 10 | B17: 0 | C17: 0 | D17: =C17*B17 -> 0 | E17: 0 | F17: 0 | G17: =F17*E17 -> 0 | H17: 0 | I17: 0 | J17: =I17*H17 -> 0 | K17: 0 | L17: 0 | M17: =L17*K17 -> 0 | N17: =M17+J17+G17+D17 -> 0
A18: LABOR CATEGORY 11 | B18: 0 | C18: 0 | D18: =C18*B18 -> 0 | E18: 0 | F18: 0 | G18: =F18*E18 -> 0 | H18: 0 | I18: 0 | J18: =I18*H18 -> 0 | K18: 0 | L18: 0 | M18: =L18*K18 -> 0 | N18: =M18+J18+G18+D18 -> 0
A19: LABOR CATEGORY 12 | B19: 0 | C19: 0 | D19: =C19*B19 -> 0 | E19: 0 | F19: 0 | G19: =F19*E19 -> 0 | H19: 0 | I19: 0 | J19: =I19*H19 -> 0 | K19: 0 | L19: 0 | M19: =L19*K19 -> 0 | N19: =M19+J19+G19+D19 -> 0
A20: TOTAL DIRECT LABOR | B20: =SUM(B8:B19) -> 0 | D20: =SUM(D8:D19) -> 0 | E20: =SUM(E8:E19) -> 0 | G20: =SUM(G8:G19) -> 0 | H20: =SUM(H8:H19) -> 0 | J20: =SUM(J8:J19) -> 0 | K20: =SUM(K8:K19) -> 0 | M20: =SUM(M8:M19) -> 0 | N20: =SUM(N8:N19) -> 0
A22: ENG OVERHEAD | B22: 0 | C22: 0 | D22: =B22*C22 -> 0 | E22: 0 | F22: 0 | G22: =E22*F22 -> 0 | H22: 0 | I22: 0 | J22: =H22*I22 -> 0 | K22: 0 | L22: 0 | M22: =K22*L22 -> 0 | N22: =M22+J22+G22+D22 -> 0
A23: FLD OVERHEAD | B23: 0 | C23: 0 | D23: =B23*C23 -> 0 | E23: 0 | F23: 0 | G23: =E23*F23 -> 0 | H23: 0 | I23: 0 | J23: =H23*I23 -> 0 | K23: 0 | L23: 0 | M23: =K23*L23 -> 0 | N23: =M23+J23+G23+D23 -> 0
A24: MFG OVERHEAD | B24: 0 | C24: 0 | D24: =B24*C24 -> 0 | E24: 0 | F24: 0 | G24: =E24*F24 -> 0 | H24: 0 | I24: 0 | J24: =H24*I24 -> 0 | K24: 0 | L24: 0 | M24: =K24*L24 -> 0 | N24: =M24+J24+G24+D24 -> 0
A25: TOTAL INDIRECT LABOR EXPENSE | D25: =SUM(D22:D24) -> 0 | E25: 0 | G25: =SUM(G22:G24) -> 0 | J25: =SUM(J22:J24) -> 0 | M25: =SUM(M22:M24) -> 0 | N25: =SUM(N22:N24) -> 0
A27: SUB-TIER VENDOR (SUBCONTRACTOR/INTERCOMPANY/TEAMMATE)
A28: SUB-TIER VENDOR 1 | D28: 0 | G28: 0 | J28: 0 | M28: 0 | N28: =M28+J28+G28+D28 -> 0
A29: SUB-TIER VENDOR 2 | D29: 0 | G29: 0 | J29: 0 | M29: 0 | N29: =M29+J29+G29+D29 -> 0
A30: SUB-TIER VENDOR 3 | D30: 0 | G30: 0 | J30: 0 | M30: 0 | N30: =M30+J30+G30+D30 -> 0
A31: TOTAL SUB-TIER VENDOR COSTS/PRICES | D31: =SUM(D28:D30) -> 0 | G31: =SUM(G28:G30) -> 0 | J31: =SUM(J28:J30) -> 0 | M31: =SUM(M28:M30) -> 0 | N31: =SUM(N28:N30) -> 0
A32: SUBTOTAL | D32: =D20+D25+D31 -> 0 | G32: =G20+G25+G31 -> 0 | J32: =J20+J25+J31 -> 0 | M32: =M20+M25+M31 -> 0 | N32: =M32+J32+G32+D32 -> 0
A34: G&A | B34: 0 | C34: 0 | D34: =B34*C34 -> 0 | E34: 0 | F34: 0 | G34: =E34*F34 -> 0 | H34: 0 | I34: 0 | J34: =H34*I34 -> 0 | K34: 0 | L34: 0 | M34: =K34*L34 -> 0 | N34: =M34+J34+G34+D34 -> 0
A36: SUBTOTAL COST | D36: =D32+D34 -> 0 | G36: =G32+G34 -> 0 | J36: =J32+J34 -> 0 | M36: =M32+M34 -> 0 | N36: =N32+N34 -> 0
A38: FACILITIES CAPITAL COST OF MONEY
A39: ENG DIRECT LABOR | B39: 0 | C39: 0 | D39: =B39*C39 -> 0 | E39: 0 | F39: 0 | G39: =E39*F39 -> 0 | H39: 0 | I39: 0 | J39: =H39*I39 -> 0 | K39: 0 | L39: 0 | M39: =K39*L39 -> 0 | N39: =M39+J39+G39+D39 -> 0
A40: FLD DIRECT LABOR | B40: 0 | C40: 0 | D40: =B40*C40 -> 0 | E40: 0 | F40: 0 | G40: =E40*F40 -> 0 | H40: 0 | I40: 0 | J40: =H40*I40 -> 0 | K40: 0 | L40: 0 | M40: =K40*L40 -> 0 | N40: =M40+J40+G40+D40 -> 0
A41: MFG DIRECT LABOR | B41: 0 | C41: 0 | D41: =B41*C41 -> 0 | E41: 0 | F41: 0 | G41: =E41*F41 -> 0 | H41: 0 | I41: 0 | J41: =H41*I41 -> 0 | K41: 0 | L41: 0 | M41: =K41*L41 -> 0 | N41: =M41+J41+G41+D41 -> 0
A42: G&A | B42: 0 | C42: 0 | D42: =B42*C42 -> 0 | E42: 0 | F42: 0 | G42: =E42*F42 -> 0 | H42: 0 | I42: 0 | J42: =H42*I42 -> 0 | K42: 0 | L42: 0 | M42: =K42*L42 -> 0 | N42: =M42+J42+G42+D42 -> 0
A43: TOTAL FCCM | D43: =SUM(D39:D42) -> 0 | G43: =SUM(G39:G42) -> 0 | J43: =SUM(J39:J42) -> 0 | M43: =SUM(M39:M42) -> 0 | N43: =SUM(N39:N42) -> 0
A45: TOTAL COST | D45: =D36+D43 -> 0 | G45: =G36+G43 -> 0 | J45: =J36+J43 -> 0 | M45: =M36+M43 -> 0 | N45: =N36+N43 -> 0
B46: =#REF! -> #REF! | H46: =#REF! -> #REF!
A47: FIXED FEE | B47: =D36 -> 0 | C47: 0 | D47: =B47*C47 -> 0 | E47: =G36 -> 0 | F47: 0 | G47: =E47*F47 -> 0 | H47: =J36 -> 0 | I47: 0 | J47: =H47*I47 -> 0 | K47: =M36 -> 0 | L47: 0 | M47: =K47*L47 -> 0 | N47: =M47+J47+G47+D47 -> 0
B48: =#REF! -> #REF! | H48: =#REF! -> #REF!
A50: TOTAL PRICE | D50: =D45+D47 -> 0 | G50: =G45+G47 -> 0 | J50: =J45+J47 -> 0 | M50: =M45+M47 -> 0 | N50: =N45+N47 -> 0
A51: Notes:
A52: 1. Cost format A may be revised as required to be consistent with the contractor's approved accounting system.
A53: 2. The numbers contained in the RFP Exhibit are examples only -- remove or replace in proposal.
A54: 3. The Period of Performance (PoP) for CLIN 1004 is 18 Months. The offeror shall fill out the above model for the applicable PoP.
A55: 4. The Offeror shall add the applicable labor categories above.
A56: 5. Total Cost and Fee shall roll into Format D CLIN 1004 pricing.

Sheet Format A CLIN 1005
A2: HH-60W Degraded Visual Environment System Protoype Installation Labor
A4: CLIN 1005 | B4: Ordering Period 1 (CLIN 1005) | N4: 1005 Total
B5: 2029 | E5: 2030 | H5: 2031
A6: COST/PRICE ELEMENT | B6: HOURS/BASE | C6: RATE | D6: 2029 Total | E6: HOURS/BASE | F6: RATE | G6: 2030 Total | H6: HOURS/BASE | I6: RATE | J6: 2031 Total | K6: HOURS/BASE | L6: RATE | M6: Total | N6: 1005 Total Amount
A7: DIRECT LABOR | B7: Labor Hours | E7: Labor Hours | H7: Labor Hours | K7: Labor Hours
A8: LABOR CATEGORY 1 | B8: 0 | C8: 0 | D8: =C8*B8 -> 0 | E8: 0 | F8: 0 | G8: =F8*E8 -> 0 | H8: 0 | I8: 0 | J8: =I8*H8 -> 0 | K8: 0 | L8: 0 | M8: =L8*K8 -> 0 | N8: =M8+J8+G8+D8 -> 0
A9: LABOR CATEGORY 2 | B9: 0 | C9: 0 | D9: =C9*B9 -> 0 | E9: 0 | F9: 0 | G9: =F9*E9 -> 0 | H9: 0 | I9: 0 | J9: =I9*H9 -> 0 | K9: 0 | L9: 0 | M9: =L9*K9 -> 0 | N9: =M9+J9+G9+D9 -> 0
A10: LABOR CATEGORY 3 | B10: 0 | C10: 0 | D10: =C10*B10 -> 0 | E10: 0 | F10: 0 | G10: =F10*E10 -> 0 | H10: 0 | I10: 0 | J10: =I10*H10 -> 0 | K10: 0 | L10: 0 | M10: =L10*K10 -> 0 | N10: =M10+J10+G10+D10 -> 0
A11: LABOR CATEGORY 4 | B11: 0 | C11: 0 | D11: =C11*B11 -> 0 | E11: 0 | F11: 0 | G11: =F11*E11 -> 0 | H11: 0 | I11: 0 | J11: =I11*H11 -> 0 | K11: 0 | L11: 0 | M11: =L11*K11 -> 0 | N11: =M11+J11+G11+D11 -> 0
A12: LABOR CATEGORY 5 | B12: 0 | C12: 0 | D12: =C12*B12 -> 0 | E12: 0 | F12: 0 | G12: =F12*E12 -> 0 | H12: 0 | I12: 0 | J12: =I12*H12 -> 0 | K12: 0 | L12: 0 | M12: =L12*K12 -> 0 | N12: =M12+J12+G12+D12 -> 0
A13: LABOR CATEGORY 6 | B13: 0 | C13: 0 | D13: =C13*B13 -> 0 | E13: 0 | F13: 0 | G13: =F13*E13 -> 0 | H13: 0 | I13: 0 | J13: =I13*H13 -> 0 | K13: 0 | L13: 0 | M13: =L13*K13 -> 0 | N13: =M13+J13+G13+D13 -> 0
A14: LABOR CATEGORY 7 | B14: 0 | C14: 0 | D14: =C14*B14 -> 0 | E14: 0 | F14: 0 | G14: =F14*E14 -> 0 | H14: 0 | I14: 0 | J14: =I14*H14 -> 0 | K14: 0 | L14: 0 | M14: =L14*K14 -> 0 | N14: =M14+J14+G14+D14 -> 0
A15: LABOR CATEGORY 8 | B15: 0 | C15: 0 | D15: =C15*B15 -> 0 | E15: 0 | F15: 0 | G15: =F15*E15 -> 0 | H15: 0 | I15: 0 | J15: =I15*H15 -> 0 | K15: 0 | L15: 0 | M15: =L15*K15 -> 0 | N15: =M15+J15+G15+D15 -> 0
A16: LABOR CATEGORY 9 | B16: 0 | C16: 0 | D16: =C16*B16 -> 0 | E16: 0 | F16: 0 | G16: =F16*E16 -> 0 | H16: 0 | I16: 0 | J16: =I16*H16 -> 0 | K16: 0 | L16: 0 | M16: =L16*K16 -> 0 | N16: =M16+J16+G16+D16 -> 0
A17: LABOR CATEGORY 10 | B17: 0 | C17: 0 | D17: =C17*B17 -> 0 | E17: 0 | F17: 0 | G17: =F17*E17 -> 0 | H17: 0 | I17: 0 | J17: =I17*H17 -> 0 | K17: 0 | L17: 0 | M17: =L17*K17 -> 0 | N17: =M17+J17+G17+D17 -> 0
A18: LABOR CATEGORY 11 | B18: 0 | C18: 0 | D18: =C18*B18 -> 0 | E18: 0 | F18: 0 | G18: =F18*E18 -> 0 | H18: 0 | I18: 0 | J18: =I18*H18 -> 0 | K18: 0 | L18: 0 | M18: =L18*K18 -> 0 | N18: =M18+J18+G18+D18 -> 0
A19: LABOR CATEGORY 12 | B19: 0 | C19: 0 | D19: =C19*B19 -> 0 | E19: 0 | F19: 0 | G19: =F19*E19 -> 0 | H19: 0 | I19: 0 | J19: =I19*H19 -> 0 | K19: 0 | L19: 0 | M19: =L19*K19 -> 0 | N19: =M19+J19+G19+D19 -> 0
A20: TOTAL DIRECT LABOR | B20: =SUM(B8:B19) -> 0 | D20: =SUM(D8:D19) -> 0 | E20: =SUM(E8:E19) -> 0 | G20: =SUM(G8:G19) -> 0 | H20: =SUM(H8:H19) -> 0 | J20: =SUM(J8:J19) -> 0 | K20: =SUM(K8:K19) -> 0 | M20: =SUM(M8:M19) -> 0 | N20: =SUM(N8:N19) -> 0
A22: ENG OVERHEAD | B22: 0 | C22: 0 | D22: =B22*C22 -> 0 | E22: 0 | F22: 0 | G22: =E22*F22 -> 0 | H22: 0 | I22: 0 | J22: =H22*I22 -> 0 | K22: 0 | L22: 0 | M22: =K22*L22 -> 0 | N22: =M22+J22+G22+D22 -> 0
A23: FLD OVERHEAD | B23: 0 | C23: 0 | D23: =B23*C23 -> 0 | E23: 0 | F23: 0 | G23: =E23*F23 -> 0 | H23: 0 | I23: 0 | J23: =H23*I23 -> 0 | K23: 0 | L23: 0 | M23: =K23*L23 -> 0 | N23: =M23+J23+G23+D23 -> 0
A24: MFG OVERHEAD | B24: 0 | C24: 0 | D24: =B24*C24 -> 0 | E24: 0 | F24: 0 | G24: =E24*F24 -> 0 | H24: 0 | I24: 0 | J24: =H24*I24 -> 0 | K24: 0 | L24: 0 | M24: =K24*L24 -> 0 | N24: =M24+J24+G24+D24 -> 0
A25: TOTAL INDIRECT LABOR EXPENSE | D25: =SUM(D22:D24) -> 0 | E25: 0 | G25: =SUM(G22:G24) -> 0 | J25: =SUM(J22:J24) -> 0 | M25: =SUM(M22:M24) -> 0 | N25: =SUM(N22:N24) -> 0
A27: SUB-TIER VENDOR (SUBCONTRACTOR/INTERCOMPANY/TEAMMATE)
A28: SUB-TIER VENDOR 1 | D28: 0 | G28: 0 | J28: 0 | M28: 0 | N28: =M28+J28+G28+D28 -> 0
A29: SUB-TIER VENDOR 2 | D29: 0 | G29: 0 | J29: 0 | M29: 0 | N29: =M29+J29+G29+D29 -> 0
A30: SUB-TIER VENDOR 3 | D30: 0 | G30: 0 | J30: 0 | M30: 0 | N30: =M30+J30+G30+D30 -> 0
A31: TOTAL SUB-TIER VENDOR COSTS/PRICES | D31: =SUM(D28:D30) -> 0 | G31: =SUM(G28:G30) -> 0 | J31: =SUM(J28:J30) -> 0 | M31: =SUM(M28:M30) -> 0 | N31: =SUM(N28:N30) -> 0
A32: SUBTOTAL | D32: =D20+D25+D31 -> 0 | G32: =G20+G25+G31 -> 0 | J32: =J20+J25+J31 -> 0 | M32: =M20+M25+M31 -> 0 | N32: =M32+J32+G32+D32 -> 0
A34: G&A | B34: 0 | C34: 0 | D34: =B34*C34 -> 0 | E34: 0 | F34: 0 | G34: =E34*F34 -> 0 | H34: 0 | I34: 0 | J34: =H34*I34 -> 0 | K34: 0 | L34: 0 | M34: =K34*L34 -> 0 | N34: =M34+J34+G34+D34 -> 0
A36: SUBTOTAL COST | D36: =D32+D34 -> 0 | G36: =G32+G34 -> 0 | J36: =J32+J34 -> 0 | M36: =M32+M34 -> 0 | N36: =N32+N34 -> 0
A38: FACILITIES CAPITAL COST OF MONEY
A39: ENG DIRECT LABOR | B39: 0 | C39: 0 | D39: =B39*C39 -> 0 | E39: 0 | F39: 0 | G39: =E39*F39 -> 0 | H39: 0 | I39: 0 | J39: =H39*I39 -> 0 | K39: 0 | L39: 0 | M39: =K39*L39 -> 0 | N39: =M39+J39+G39+D39 -> 0
A40: FLD DIRECT LABOR | B40: 0 | C40: 0 | D40: =B40*C40 -> 0 | E40: 0 | F40: 0 | G40: =E40*F40 -> 0 | H40: 0 | I40: 0 | J40: =H40*I40 -> 0 | K40: 0 | L40: 0 | M40: =K40*L40 -> 0 | N40: =M40+J40+G40+D40 -> 0
A41: MFG DIRECT LABOR | B41: 0 | C41: 0 | D41: =B41*C41 -> 0 | E41: 0 | F41: 0 | G41: =E41*F41 -> 0 | H41: 0 | I41: 0 | J41: =H41*I41 -> 0 | K41: 0 | L41: 0 | M41: =K41*L41 -> 0 | N41: =M41+J41+G41+D41 -> 0
A42: G&A | B42: 0 | C42: 0 | D42: =B42*C42 -> 0 | E42: 0 | F42: 0 | G42: =E42*F42 -> 0 | H42: 0 | I42: 0 | J42: =H42*I42 -> 0 | K42: 0 | L42: 0 | M42: =K42*L42 -> 0 | N42: =M42+J42+G42+D42 -> 0
A43: TOTAL FCCM | D43: =SUM(D39:D42) -> 0 | G43: =SUM(G39:G42) -> 0 | J43: =SUM(J39:J42) -> 0 | M43: =SUM(M39:M42) -> 0 | N43: =SUM(N39:N42) -> 0
A45: TOTAL COST | D45: =D36+D43 -> 0 | G45: =G36+G43 -> 0 | J45: =J36+J43 -> 0 | M45: =M36+M43 -> 0 | N45: =N36+N43 -> 0
B46: =#REF! -> #REF! | H46: =#REF! -> #REF!
A47: FIXED FEE | B47: =D36 -> 0 | C47: 0 | D47: =B47*C47 -> 0 | E47: =G36 -> 0 | F47: 0 | G47: =E47*F47 -> 0 | H47: =J36 -> 0 | I47: 0 | J47: =H47*I47 -> 0 | K47: =M36 -> 0 | L47: 0 | M47: =K47*L47 -> 0 | N47: =M47+J47+G47+D47 -> 0
B48: =#REF! -> #REF! | H48: =#REF! -> #REF!
A50: TOTAL PRICE | D50: =D45+D47 -> 0 | G50: =G45+G47 -> 0 | J50: =J45+J47 -> 0 | M50: =M45+M47 -> 0 | N50: =N45+N47 -> 0
A51: Notes:
A52: 1. Cost format A may be revised as required to be consistent with the contractor's approved accounting system.
A53: 2. The numbers contained in the RFP Exhibit are examples only -- remove or replace in proposal.
A54: 3. The Period of Performance (PoP) for CLIN 1005 is 12 Months. The offeror shall fill out the above model for the applicable PoP.
A55: 4. The Offeror shall add the applicable labor categories above.
A56: 5. Total Cost and Fee shall roll into Format D CLIN 1005 pricing.

Sheet Format A CLIN 1006
A2: HH-60W Degraded Visual Environment System Verification Installation Labor
A4: CLIN 1006 | B4: Ordering Period 1 (CLIN 1006) | N4: 1006 Total
B5: 2029 | E5: 2030 | H5: 2031
A6: COST/PRICE ELEMENT | B6: HOURS/BASE | C6: RATE | D6: 2029 Total | E6: HOURS/BASE | F6: RATE | G6: 2030 Total | H6: HOURS/BASE | I6: RATE | J6: 2031 Total | K6: HOURS/BASE | L6: RATE | M6: Total | N6: 1006 Total Amount
A7: DIRECT LABOR | B7: Labor Hours | E7: Labor Hours | H7: Labor Hours | K7: Labor Hours
A8: LABOR CATEGORY 1 | B8: 0 | C8: 0 | D8: =C8*B8 -> 0 | E8: 0 | F8: 0 | G8: =F8*E8 -> 0 | H8: 0 | I8: 0 | J8: =I8*H8 -> 0 | K8: 0 | L8: 0 | M8: =L8*K8 -> 0 | N8: =M8+J8+G8+D8 -> 0
A9: LABOR CATEGORY 2 | B9: 0 | C9: 0 | D9: =C9*B9 -> 0 | E9: 0 | F9: 0 | G9: =F9*E9 -> 0 | H9: 0 | I9: 0 | J9: =I9*H9 -> 0 | K9: 0 | L9: 0 | M9: =L9*K9 -> 0 | N9: =M9+J9+G9+D9 -> 0
A10: LABOR CATEGORY 3 | B10: 0 | C10: 0 | D10: =C10*B10 -> 0 | E10: 0 | F10: 0 | G10: =F10*E10 -> 0 | H10: 0 | I10: 0 | J10: =I10*H10 -> 0 | K10: 0 | L10: 0 | M10: =L10*K10 -> 0 | N10: =M10+J10+G10+D10 -> 0
A11: LABOR CATEGORY 4 | B11: 0 | C11: 0 | D11: =C11*B11 -> 0 | E11: 0 | F11: 0 | G11: =F11*E11 -> 0 | H11: 0 | I11: 0 | J11: =I11*H11 -> 0 | K11: 0 | L11: 0 | M11: =L11*K11 -> 0 | N11: =M11+J11+G11+D11 -> 0
A12: LABOR CATEGORY 5 | B12: 0 | C12: 0 | D12: =C12*B12 -> 0 | E12: 0 | F12: 0 | G12: =F12*E12 -> 0 | H12: 0 | I12: 0 | J12: =I12*H12 -> 0 | K12: 0 | L12: 0 | M12: =L12*K12 -> 0 | N12: =M12+J12+G12+D12 -> 0
A13: LABOR CATEGORY 6 | B13: 0 | C13: 0 | D13: =C13*B13 -> 0 | E13: 0 | F13: 0 | G13: =F13*E13 -> 0 | H13: 0 | I13: 0 | J13: =I13*H13 -> 0 | K13: 0 | L13: 0 | M13: =L13*K13 -> 0 | N13: =M13+J13+G13+D13 -> 0
A14: LABOR CATEGORY 7 | B14: 0 | C14: 0 | D14: =C14*B14 -> 0 | E14: 0 | F14: 0 | G14: =F14*E14 -> 0 | H14: 0 | I14: 0 | J14: =I14*H14 -> 0 | K14: 0 | L14: 0 | M14: =L14*K14 -> 0 | N14: =M14+J14+G14+D14 -> 0
A15: LABOR CATEGORY 8 | B15: 0 | C15: 0 | D15: =C15*B15 -> 0 | E15: 0 | F15: 0 | G15: =F15*E15 -> 0 | H15: 0 | I15: 0 | J15: =I15*H15 -> 0 | K15: 0 | L15: 0 | M15: =L15*K15 -> 0 | N15: =M15+J15+G15+D15 -> 0
A16: LABOR CATEGORY 9 | B16: 0 | C16: 0 | D16: =C16*B16 -> 0 | E16: 0 | F16: 0 | G16: =F16*E16 -> 0 | H16: 0 | I16: 0 | J16: =I16*H16 -> 0 | K16: 0 | L16: 0 | M16: =L16*K16 -> 0 | N16: =M16+J16+G16+D16 -> 0
A17: LABOR CATEGORY 10 | B17: 0 | C17: 0 | D17: =C17*B17 -> 0 | E17: 0 | F17: 0 | G17: =F17*E17 -> 0 | H17: 0 | I17: 0 | J17: =I17*H17 -> 0 | K17: 0 | L17: 0 | M17: =L17*K17 -> 0 | N17: =M17+J17+G17+D17 -> 0
A18: LABOR CATEGORY 11 | B18: 0 | C18: 0 | D18: =C18*B18 -> 0 | E18: 0 | F18: 0 | G18: =F18*E18 -> 0 | H18: 0 | I18: 0 | J18: =I18*H18 -> 0 | K18: 0 | L18: 0 | M18: =L18*K18 -> 0 | N18: =M18+J18+G18+D18 -> 0
A19: LABOR CATEGORY 12 | B19: 0 | C19: 0 | D19: =C19*B19 -> 0 | E19: 0 | F19: 0 | G19: =F19*E19 -> 0 | H19: 0 | I19: 0 | J19: =I19*H19 -> 0 | K19: 0 | L19: 0 | M19: =L19*K19 -> 0 | N19: =M19+J19+G19+D19 -> 0
A20: TOTAL DIRECT LABOR | B20: =SUM(B8:B19) -> 0 | D20: =SUM(D8:D19) -> 0 | E20: =SUM(E8:E19) -> 0 | G20: =SUM(G8:G19) -> 0 | H20: =SUM(H8:H19) -> 0 | J20: =SUM(J8:J19) -> 0 | K20: =SUM(K8:K19) -> 0 | M20: =SUM(M8:M19) -> 0 | N20: =SUM(N8:N19) -> 0
A22: ENG OVERHEAD | B22: 0 | C22: 0 | D22: =B22*C22 -> 0 | E22: 0 | F22: 0 | G22: =E22*F22 -> 0 | H22: 0 | I22: 0 | J22: =H22*I22 -> 0 | K22: 0 | L22: 0 | M22: =K22*L22 -> 0 | N22: =M22+J22+G22+D22 -> 0
A23: FLD OVERHEAD | B23: 0 | C23: 0 | D23: =B23*C23 -> 0 | E23: 0 | F23: 0 | G23: =E23*F23 -> 0 | H23: 0 | I23: 0 | J23: =H23*I23 -> 0 | K23: 0 | L23: 0 | M23: =K23*L23 -> 0 | N23: =M23+J23+G23+D23 -> 0
A24: MFG OVERHEAD | B24: 0 | C24: 0 | D24: =B24*C24 -> 0 | E24: 0 | F24: 0 | G24: =E24*F24 -> 0 | H24: 0 | I24: 0 | J24: =H24*I24 -> 0 | K24: 0 | L24: 0 | M24: =K24*L24 -> 0 | N24: =M24+J24+G24+D24 -> 0
A25: TOTAL INDIRECT LABOR EXPENSE | D25: =SUM(D22:D24) -> 0 | E25: 0 | G25: =SUM(G22:G24) -> 0 | J25: =SUM(J22:J24) -> 0 | M25: =SUM(M22:M24) -> 0 | N25: =SUM(N22:N24) -> 0
A27: SUB-TIER VENDOR (SUBCONTRACTOR/INTERCOMPANY/TEAMMATE)
A28: SUB-TIER VENDOR 1 | D28: 0 | G28: 0 | J28: 0 | M28: 0 | N28: =M28+J28+G28+D28 -> 0
A29: SUB-TIER VENDOR 2 | D29: 0 | G29: 0 | J29: 0 | M29: 0 | N29: =M29+J29+G29+D29 -> 0
A30: SUB-TIER VENDOR 3 | D30: 0 | G30: 0 | J30: 0 | M30: 0 | N30: =M30+J30+G30+D30 -> 0
A31: TOTAL SUB-TIER VENDOR COSTS/PRICES | D31: =SUM(D28:D30) -> 0 | G31: =SUM(G28:G30) -> 0 | J31: =SUM(J28:J30) -> 0 | M31: =SUM(M28:M30) -> 0 | N31: =SUM(N28:N30) -> 0
A32: SUBTOTAL | D32: =D20+D25+D31 -> 0 | G32: =G20+G25+G31 -> 0 | J32: =J20+J25+J31 -> 0 | M32: =M20+M25+M31 -> 0 | N32: =M32+J32+G32+D32 -> 0
A34: G&A | B34: 0 | C34: 0 | D34: =B34*C34 -> 0 | E34: 0 | F34: 0 | G34: =E34*F34 -> 0 | H34: 0 | I34: 0 | J34: =H34*I34 -> 0 | K34: 0 | L34: 0 | M34: =K34*L34 -> 0 | N34: =M34+J34+G34+D34 -> 0
A36: SUBTOTAL COST | D36: =D32+D34 -> 0 | G36: =G32+G34 -> 0 | J36: =J32+J34 -> 0 | M36: =M32+M34 -> 0 | N36: =N32+N34 -> 0
A38: FACILITIES CAPITAL COST OF MONEY
A39: ENG DIRECT LABOR | B39: 0 | C39: 0 | D39: =B39*C39 -> 0 | E39: 0 | F39: 0 | G39: =E39*F39 -> 0 | H39: 0 | I39: 0 | J39: =H39*I39 -> 0 | K39: 0 | L39: 0 | M39: =K39*L39 -> 0 | N39: =M39+J39+G39+D39 -> 0
A40: FLD DIRECT LABOR | B40: 0 | C40: 0 | D40: =B40*C40 -> 0 | E40: 0 | F40: 0 | G40: =E40*F40 -> 0 | H40: 0 | I40: 0 | J40: =H40*I40 -> 0 | K40: 0 | L40: 0 | M40: =K40*L40 -> 0 | N40: =M40+J40+G40+D40 -> 0
A41: MFG DIRECT LABOR | B41: 0 | C41: 0 | D41: =B41*C41 -> 0 | E41: 0 | F41: 0 | G41: =E41*F41 -> 0 | H41: 0 | I41: 0 | J41: =H41*I41 -> 0 | K41: 0 | L41: 0 | M41: =K41*L41 -> 0 | N41: =M41+J41+G41+D41 -> 0
A42: G&A | B42: 0 | C42: 0 | D42: =B42*C42 -> 0 | E42: 0 | F42: 0 | G42: =E42*F42 -> 0 | H42: 0 | I42: 0 | J42: =H42*I42 -> 0 | K42: 0 | L42: 0 | M42: =K42*L42 -> 0 | N42: =M42+J42+G42+D42 -> 0
A43: TOTAL FCCM | D43: =SUM(D39:D42) -> 0 | G43: =SUM(G39:G42) -> 0 | J43: =SUM(J39:J42) -> 0 | M43: =SUM(M39:M42) -> 0 | N43: =SUM(N39:N42) -> 0
A45: TOTAL COST | D45: =D36+D43 -> 0 | G45: =G36+G43 -> 0 | J45: =J36+J43 -> 0 | M45: =M36+M43 -> 0 | N45: =N36+N43 -> 0
B46: =#REF! -> #REF! | H46: =#REF! -> #REF!
A47: FIXED FEE | B47: =D36 -> 0 | C47: 0 | D47: =B47*C47 -> 0 | E47: =G36 -> 0 | F47: 0 | G47: =E47*F47 -> 0 | H47: =J36 -> 0 | I47: 0 | J47: =H47*I47 -> 0 | K47: =M36 -> 0 | L47: 0 | M47: =K47*L47 -> 0 | N47: =M47+J47+G47+D47 -> 0
B48: =#REF! -> #REF! | H48: =#REF! -> #REF!
A50: TOTAL PRICE | D50: =D45+D47 -> 0 | G50: =G45+G47 -> 0 | J50: =J45+J47 -> 0 | M50: =M45+M47 -> 0 | N50: =N45+N47 -> 0
A51: Notes:
A52: 1. Cost format A may be revised as required to be consistent with the contractor's approved accounting system.
A53: 2. The numbers contained in the RFP Exhibit are examples only -- remove or replace in proposal.
A54: 3. The Period of Performance (PoP) for CLIN 1006 is 12 Months. The offeror shall fill out the above model for the applicable PoP.
A55: 4. The Offeror shall add the applicable labor categories above.
A56: 5. Total Cost and Fee shall roll into Format D CLIN 1006 pricing.

Sheet Format A CLIN 2003
A2: HH-60W Degraded Visual Environment System Production Installation Labor
A4: CLIN 2003 | B4: Ordering Period 2 (CLIN 2003) | N4: 2003 Total
B5: 3031 | E5: 3032
A6: COST/PRICE ELEMENT | B6: HOURS/BASE | C6: RATE | D6: 2031 Total | E6: HOURS/BASE | F6: RATE | G6: 2032 Total | H6: HOURS/BASE | I6: RATE | J6: Total | K6: HOURS/BASE | L6: RATE | M6: Total | N6: 2003 Total Amount
A7: DIRECT LABOR | B7: Labor Hours | E7: Labor Hours | H7: Labor Hours | K7: Labor Hours
A8: LABOR CATEGORY 1 | B8: 0 | C8: 0 | D8: =C8*B8 -> 0 | E8: 0 | F8: 0 | G8: =F8*E8 -> 0 | H8: 0 | I8: 0 | J8: =I8*H8 -> 0 | K8: 0 | L8: 0 | M8: =L8*K8 -> 0 | N8: =M8+J8+G8+D8 -> 0
A9: LABOR CATEGORY 2 | B9: 0 | C9: 0 | D9: =C9*B9 -> 0 | E9: 0 | F9: 0 | G9: =F9*E9 -> 0 | H9: 0 | I9: 0 | J9: =I9*H9 -> 0 | K9: 0 | L9: 0 | M9: =L9*K9 -> 0 | N9: =M9+J9+G9+D9 -> 0
A10: LABOR CATEGORY 3 | B10: 0 | C10: 0 | D10: =C10*B10 -> 0 | E10: 0 | F10: 0 | G10: =F10*E10 -> 0 | H10: 0 | I10: 0 | J10: =I10*H10 -> 0 | K10: 0 | L10: 0 | M10: =L10*K10 -> 0 | N10: =M10+J10+G10+D10 -> 0
A11: LABOR CATEGORY 4 | B11: 0 | C11: 0 | D11: =C11*B11 -> 0 | E11: 0 | F11: 0 | G11: =F11*E11 -> 0 | H11: 0 | I11: 0 | J11: =I11*H11 -> 0 | K11: 0 | L11: 0 | M11: =L11*K11 -> 0 | N11: =M11+J11+G11+D11 -> 0
A12: LABOR CATEGORY 5 | B12: 0 | C12: 0 | D12: =C12*B12 -> 0 | E12: 0 | F12: 0 | G12: =F12*E12 -> 0 | H12: 0 | I12: 0 | J12: =I12*H12 -> 0 | K12: 0 | L12: 0 | M12: =L12*K12 -> 0 | N12: =M12+J12+G12+D12 -> 0
A13: LABOR CATEGORY 6 | B13: 0 | C13: 0 | D13: =C13*B13 -> 0 | E13: 0 | F13: 0 | G13: =F13*E13 -> 0 | H13: 0 | I13: 0 | J13: =I13*H13 -> 0 | K13: 0 | L13: 0 | M13: =L13*K13 -> 0 | N13: =M13+J13+G13+D13 -> 0
A14: LABOR CATEGORY 7 | B14: 0 | C14: 0 | D14: =C14*B14 -> 0 | E14: 0 | F14: 0 | G14: =F14*E14 -> 0 | H14: 0 | I14: 0 | J14: =I14*H14 -> 0 | K14: 0 | L14: 0 | M14: =L14*K14 -> 0 | N14: =M14+J14+G14+D14 -> 0
A15: LABOR CATEGORY 8 | B15: 0 | C15: 0 | D15: =C15*B15 -> 0 | E15: 0 | F15: 0 | G15: =F15*E15 -> 0 | H15: 0 | I15: 0 | J15: =I15*H15 -> 0 | K15: 0 | L15: 0 | M15: =L15*K15 -> 0 | N15: =M15+J15+G15+D15 -> 0
A16: LABOR CATEGORY 9 | B16: 0 | C16: 0 | D16: =C16*B16 -> 0 | E16: 0 | F16: 0 | G16: =F16*E16 -> 0 | H16: 0 | I16: 0 | J16: =I16*H16 -> 0 | K16: 0 | L16: 0 | M16: =L16*K16 -> 0 | N16: =M16+J16+G16+D16 -> 0
A17: LABOR CATEGORY 10 | B17: 0 | C17: 0 | D17: =C17*B17 -> 0 | E17: 0 | F17: 0 | G17: =F17*E17 -> 0 | H17: 0 | I17: 0 | J17: =I17*H17 -> 0 | K17: 0 | L17: 0 | M17: =L17*K17 -> 0 | N17: =M17+J17+G17+D17 -> 0
A18: LABOR CATEGORY 11 | B18: 0 | C18: 0 | D18: =C18*B18 -> 0 | E18: 0 | F18: 0 | G18: =F18*E18 -> 0 | H18: 0 | I18: 0 | J18: =I18*H18 -> 0 | K18: 0 | L18: 0 | M18: =L18*K18 -> 0 | N18: =M18+J18+G18+D18 -> 0
A19: LABOR CATEGORY 12 | B19: 0 | C19: 0 | D19: =C19*B19 -> 0 | E19: 0 | F19: 0 | G19: =F19*E19 -> 0 | H19: 0 | I19: 0 | J19: =I19*H19 -> 0 | K19: 0 | L19: 0 | M19: =L19*K19 -> 0 | N19: =M19+J19+G19+D19 -> 0
A20: TOTAL DIRECT LABOR | B20: =SUM(B8:B19) -> 0 | D20: =SUM(D8:D19) -> 0 | E20: =SUM(E8:E19) -> 0 | G20: =SUM(G8:G19) -> 0 | H20: =SUM(H8:H19) -> 0 | J20: =SUM(J8:J19) -> 0 | K20: =SUM(K8:K19) -> 0 | M20: =SUM(M8:M19) -> 0 | N20: =SUM(N8:N19) -> 0
A22: ENG OVERHEAD | B22: 0 | C22: 0 | D22: =B22*C22 -> 0 | E22: 0 | F22: 0 | G22: =E22*F22 -> 0 | H22: 0 | I22: 0 | J22: =H22*I22 -> 0 | K22: 0 | L22: 0 | M22: =K22*L22 -> 0 | N22: =M22+J22+G22+D22 -> 0
A23: FLD OVERHEAD | B23: 0 | C23: 0 | D23: =B23*C23 -> 0 | E23: 0 | F23: 0 | G23: =E23*F23 -> 0 | H23: 0 | I23: 0 | J23: =H23*I23 -> 0 | K23: 0 | L23: 0 | M23: =K23*L23 -> 0 | N23: =M23+J23+G23+D23 -> 0
A24: MFG OVERHEAD | B24: 0 | C24: 0 | D24: =B24*C24 -> 0 | E24: 0 | F24: 0 | G24: =E24*F24 -> 0 | H24: 0 | I24: 0 | J24: =H24*I24 -> 0 | K24: 0 | L24: 0 | M24: =K24*L24 -> 0 | N24: =M24+J24+G24+D24 -> 0
A25: TOTAL INDIRECT LABOR EXPENSE | D25: =SUM(D22:D24) -> 0 | E25: 0 | G25: =SUM(G22:G24) -> 0 | J25: =SUM(J22:J24) -> 0 | M25: =SUM(M22:M24) -> 0 | N25: =SUM(N22:N24) -> 0
A27: SUB-TIER VENDOR (SUBCONTRACTOR/INTERCOMPANY/TEAMMATE)
A28: SUB-TIER VENDOR 1 | D28: 0 | G28: 0 | J28: 0 | M28: 0 | N28: =M28+J28+G28+D28 -> 0
A29: SUB-TIER VENDOR 2 | D29: 0 | G29: 0 | J29: 0 | M29: 0 | N29: =M29+J29+G29+D29 -> 0
A30: SUB-TIER VENDOR 3 | D30: 0 | G30: 0 | J30: 0 | M30: 0 | N30: =M30+J30+G30+D30 -> 0
A31: TOTAL SUB-TIER VENDOR COSTS/PRICES | D31: =SUM(D28:D30) -> 0 | G31: =SUM(G28:G30) -> 0 | J31: =SUM(J28:J30) -> 0 | M31: =SUM(M28:M30) -> 0 | N31: =SUM(N28:N30) -> 0
A32: SUBTOTAL | D32: =D20+D25+D31 -> 0 | G32: =G20+G25+G31 -> 0 | J32: =J20+J25+J31 -> 0 | M32: =M20+M25+M31 -> 0 | N32: =M32+J32+G32+D32 -> 0
A34: G&A | B34: 0 | C34: 0 | D34: =B34*C34 -> 0 | E34: 0 | F34: 0 | G34: =E34*F34 -> 0 | H34: 0 | I34: 0 | J34: =H34*I34 -> 0 | K34: 0 | L34: 0 | M34: =K34*L34 -> 0 | N34: =M34+J34+G34+D34 -> 0
A36: SUBTOTAL COST | D36: =D32+D34 -> 0 | G36: =G32+G34 -> 0 | J36: =J32+J34 -> 0 | M36: =M32+M34 -> 0 | N36: =N32+N34 -> 0
A38: FACILITIES CAPITAL COST OF MONEY
A39: ENG DIRECT LABOR | B39: 0 | C39: 0 | D39: =B39*C39 -> 0 | E39: 0 | F39: 0 | G39: =E39*F39 -> 0 | H39: 0 | I39: 0 | J39: =H39*I39 -> 0 | K39: 0 | L39: 0 | M39: =K39*L39 -> 0 | N39: =M39+J39+G39+D39 -> 0
A40: FLD DIRECT LABOR | B40: 0 | C40: 0 | D40: =B40*C40 -> 0 | E40: 0 | F40: 0 | G40: =E40*F40 -> 0 | H40: 0 | I40: 0 | J40: =H40*I40 -> 0 | K40: 0 | L40: 0 | M40: =K40*L40 -> 0 | N40: =M40+J40+G40+D40 -> 0
A41: MFG DIRECT LABOR | B41: 0 | C41: 0 | D41: =B41*C41 -> 0 | E41: 0 | F41: 0 | G41: =E41*F41 -> 0 | H41: 0 | I41: 0 | J41: =H41*I41 -> 0 | K41: 0 | L41: 0 | M41: =K41*L41 -> 0 | N41: =M41+J41+G41+D41 -> 0
A42: G&A | B42: 0 | C42: 0 | D42: =B42*C42 -> 0 | E42: 0 | F42: 0 | G42: =E42*F42 -> 0 | H42: 0 | I42: 0 | J42: =H42*I42 -> 0 | K42: 0 | L42: 0 | M42: =K42*L42 -> 0 | N42: =M42+J42+G42+D42 -> 0
A43: TOTAL FCCM | D43: =SUM(D39:D42) -> 0 | G43: =SUM(G39:G42) -> 0 | J43: =SUM(J39:J42) -> 0 | M43: =SUM(M39:M42) -> 0 | N43: =SUM(N39:N42) -> 0
A45: TOTAL COST | D45: =D36+D43 -> 0 | G45: =G36+G43 -> 0 | J45: =J36+J43 -> 0 | M45: =M36+M43 -> 0 | N45: =N36+N43 -> 0
B46: =#REF! -> #REF! | H46: =#REF! -> #REF!
A47: FIXED FEE | B47: =D36 -> 0 | C47: 0 | D47: =B47*C47 -> 0 | E47: =G36 -> 0 | F47: 0 | G47: =E47*F47 -> 0 | H47: =J36 -> 0 | I47: 0 | J47: =H47*I47 -> 0 | K47: =M36 -> 0 | L47: 0 | M47: =K47*L47 -> 0 | N47: =M47+J47+G47+D47 -> 0
B48: =#REF! -> #REF! | H48: =#REF! -> #REF!
A50: TOTAL PRICE | D50: =D45+D47 -> 0 | G50: =G45+G47 -> 0 | J50: =J45+J47 -> 0 | M50: =M45+M47 -> 0 | N50: =N45+N47 -> 0
A51: Notes:
A52: 1. Cost format A may be revised as required to be consistent with the contractor's approved accounting system.
A53: 2. The numbers contained in the RFP Exhibit are examples only -- remove or replace in proposal.
A54: 3. The Period of Performance (PoP) for CLIN 2003 is 18 Months. The offeror shall fill out the above model for the applicable PoP.
A55: 4. The Offeror shall add the applicable labor categories above.
A56: 5. Total Cost and Fee shall roll into Format D CLIN 2003 pricing.

Sheet Format A CLIN 3003
A2: HH-60W Degraded Visual Environment System Production Installation Labor
A4: CLIN 3003 | B4: Ordering Period 3 (CLIN 3003) | N4: 3003 Total
B5: 3032 | E5: 3033 | H5: 3034
A6: COST/PRICE ELEMENT | B6: HOURS/BASE | C6: RATE | D6: 2032 Total | E6: HOURS/BASE | F6: RATE | G6: 2033 Total | H6: HOURS/BASE | I6: RATE | J6: 2034 Total | K6: HOURS/BASE | L6: RATE | M6: Total | N6: 3003 Total Amount
A7: DIRECT LABOR | B7: Labor Hours | E7: Labor Hours | H7: Labor Hours | K7: Labor Hours
A8: LABOR CATEGORY 1 | B8: 0 | C8: 0 | D8: =C8*B8 -> 0 | E8: 0 | F8: 0 | G8: =F8*E8 -> 0 | H8: 0 | I8: 0 | J8: =I8*H8 -> 0 | K8: 0 | L8: 0 | M8: =L8*K8 -> 0 | N8: =M8+J8+G8+D8 -> 0
A9: LABOR CATEGORY 2 | B9: 0 | C9: 0 | D9: =C9*B9 -> 0 | E9: 0 | F9: 0 | G9: =F9*E9 -> 0 | H9: 0 | I9: 0 | J9: =I9*H9 -> 0 | K9: 0 | L9: 0 | M9: =L9*K9 -> 0 | N9: =M9+J9+G9+D9 -> 0
A10: LABOR CATEGORY 3 | B10: 0 | C10: 0 | D10: =C10*B10 -> 0 | E10: 0 | F10: 0 | G10: =F10*E10 -> 0 | H10: 0 | I10: 0 | J10: =I10*H10 -> 0 | K10: 0 | L10: 0 | M10: =L10*K10 -> 0 | N10: =M10+J10+G10+D10 -> 0
A11: LABOR CATEGORY 4 | B11: 0 | C11: 0 | D11: =C11*B11 -> 0 | E11: 0 | F11: 0 | G11: =F11*E11 -> 0 | H11: 0 | I11: 0 | J11: =I11*H11 -> 0 | K11: 0 | L11: 0 | M11: =L11*K11 -> 0 | N11: =M11+J11+G11+D11 -> 0
A12: LABOR CATEGORY 5 | B12: 0 | C12: 0 | D12: =C12*B12 -> 0 | E12: 0 | F12: 0 | G12: =F12*E12 -> 0 | H12: 0 | I12: 0 | J12: =I12*H12 -> 0 | K12: 0 | L12: 0 | M12: =L12*K12 -> 0 | N12: =M12+J12+G12+D12 -> 0
A13: LABOR CATEGORY 6 | B13: 0 | C13: 0 | D13: =C13*B13 -> 0 | E13: 0 | F13: 0 | G13: =F13*E13 -> 0 | H13: 0 | I13: 0 | J13: =I13*H13 -> 0 | K13: 0 | L13: 0 | M13: =L13*K13 -> 0 | N13: =M13+J13+G13+D13 -> 0
A14: LABOR CATEGORY 7 | B14: 0 | C14: 0 | D14: =C14*B14 -> 0 | E14: 0 | F14: 0 | G14: =F14*E14 -> 0 | H14: 0 | I14: 0 | J14: =I14*H14 -> 0 | K14: 0 | L14: 0 | M14: =L14*K14 -> 0 | N14: =M14+J14+G14+D14 -> 0
A15: LABOR CATEGORY 8 | B15: 0 | C15: 0 | D15: =C15*B15 -> 0 | E15: 0 | F15: 0 | G15: =F15*E15 -> 0 | H15: 0 | I15: 0 | J15: =I15*H15 -> 0 | K15: 0 | L15: 0 | M15: =L15*K15 -> 0 | N15: =M15+J15+G15+D15 -> 0
A16: LABOR CATEGORY 9 | B16: 0 | C16: 0 | D16: =C16*B16 -> 0 | E16: 0 | F16: 0 | G16: =F16*E16 -> 0 | H16: 0 | I16: 0 | J16: =I16*H16 -> 0 | K16: 0 | L16: 0 | M16: =L16*K16 -> 0 | N16: =M16+J16+G16+D16 -> 0
A17: LABOR CATEGORY 10 | B17: 0 | C17: 0 | D17: =C17*B17 -> 0 | E17: 0 | F17: 0 | G17: =F17*E17 -> 0 | H17: 0 | I17: 0 | J17: =I17*H17 -> 0 | K17: 0 | L17: 0 | M17: =L17*K17 -> 0 | N17: =M17+J17+G17+D17 -> 0
A18: LABOR CATEGORY 11 | B18: 0 | C18: 0 | D18: =C18*B18 -> 0 | E18: 0 | F18: 0 | G18: =F18*E18 -> 0 | H18: 0 | I18: 0 | J18: =I18*H18 -> 0 | K18: 0 | L18: 0 | M18: =L18*K18 -> 0 | N18: =M18+J18+G18+D18 -> 0
A19: LABOR CATEGORY 12 | B19: 0 | C19: 0 | D19: =C19*B19 -> 0 | E19: 0 | F19: 0 | G19: =F19*E19 -> 0 | H19: 0 | I19: 0 | J19: =I19*H19 -> 0 | K19: 0 | L19: 0 | M19: =L19*K19 -> 0 | N19: =M19+J19+G19+D19 -> 0
A20: TOTAL DIRECT LABOR | B20: =SUM(B8:B19) -> 0 | D20: =SUM(D8:D19) -> 0 | E20: =SUM(E8:E19) -> 0 | G20: =SUM(G8:G19) -> 0 | H20: =SUM(H8:H19) -> 0 | J20: =SUM(J8:J19) -> 0 | K20: =SUM(K8:K19) -> 0 | M20: =SUM(M8:M19) -> 0 | N20: =SUM(N8:N19) -> 0
A22: ENG OVERHEAD | B22: 0 | C22: 0 | D22: =B22*C22 -> 0 | E22: 0 | F22: 0 | G22: =E22*F22 -> 0 | H22: 0 | I22: 0 | J22: =H22*I22 -> 0 | K22: 0 | L22: 0 | M22: =K22*L22 -> 0 | N22: =M22+J22+G22+D22 -> 0
A23: FLD OVERHEAD | B23: 0 | C23: 0 | D23: =B23*C23 -> 0 | E23: 0 | F23: 0 | G23: =E23*F23 -> 0 | H23: 0 | I23: 0 | J23: =H23*I23 -> 0 | K23: 0 | L23: 0 | M23: =K23*L23 -> 0 | N23: =M23+J23+G23+D23 -> 0
A24: MFG OVERHEAD | B24: 0 | C24: 0 | D24: =B24*C24 -> 0 | E24: 0 | F24: 0 | G24: =E24*F24 -> 0 | H24: 0 | I24: 0 | J24: =H24*I24 -> 0 | K24: 0 | L24: 0 | M24: =K24*L24 -> 0 | N24: =M24+J24+G24+D24 -> 0
A25: TOTAL INDIRECT LABOR EXPENSE | D25: =SUM(D22:D24) -> 0 | E25: 0 | G25: =SUM(G22:G24) -> 0 | J25: =SUM(J22:J24) -> 0 | M25: =SUM(M22:M24) -> 0 | N25: =SUM(N22:N24) -> 0
A27: SUB-TIER VENDOR (SUBCONTRACTOR/INTERCOMPANY/TEAMMATE)
A28: SUB-TIER VENDOR 1 | D28: 0 | G28: 0 | J28: 0 | M28: 0 | N28: =M28+J28+G28+D28 -> 0
A29: SUB-TIER VENDOR 2 | D29: 0 | G29: 0 | J29: 0 | M29: 0 | N29: =M29+J29+G29+D29 -> 0
A30: SUB-TIER VENDOR 3 | D30: 0 | G30: 0 | J30: 0 | M30: 0 | N30: =M30+J30+G30+D30 -> 0
A31: TOTAL SUB-TIER VENDOR COSTS/PRICES | D31: =SUM(D28:D30) -> 0 | G31: =SUM(G28:G30) -> 0 | J31: =SUM(J28:J30) -> 0 | M31: =SUM(M28:M30) -> 0 | N31: =SUM(N28:N30) -> 0
A32: SUBTOTAL | D32: =D20+D25+D31 -> 0 | G32: =G20+G25+G31 -> 0 | J32: =J20+J25+J31 -> 0 | M32: =M20+M25+M31 -> 0 | N32: =M32+J32+G32+D32 -> 0
A34: G&A | B34: 0 | C34: 0 | D34: =B34*C34 -> 0 | E34: 0 | F34: 0 | G34: =E34*F34 -> 0 | H34: 0 | I34: 0 | J34: =H34*I34 -> 0 | K34: 0 | L34: 0 | M34: =K34*L34 -> 0 | N34: =M34+J34+G34+D34 -> 0
A36: SUBTOTAL COST | D36: =D32+D34 -> 0 | G36: =G32+G34 -> 0 | J36: =J32+J34 -> 0 | M36: =M32+M34 -> 0 | N36: =N32+N34 -> 0
A38: FACILITIES CAPITAL COST OF MONEY
A39: ENG DIRECT LABOR | B39: 0 | C39: 0 | D39: =B39*C39 -> 0 | E39: 0 | F39: 0 | G39: =E39*F39 -> 0 | H39: 0 | I39: 0 | J39: =H39*I39 -> 0 | K39: 0 | L39: 0 | M39: =K39*L39 -> 0 | N39: =M39+J39+G39+D39 -> 0
A40: FLD DIRECT LABOR | B40: 0 | C40: 0 | D40: =B40*C40 -> 0 | E40: 0 | F40: 0 | G40: =E40*F40 -> 0 | H40: 0 | I40: 0 | J40: =H40*I40 -> 0 | K40: 0 | L40: 0 | M40: =K40*L40 -> 0 | N40: =M40+J40+G40+D40 -> 0
A41: MFG DIRECT LABOR | B41: 0 | C41: 0 | D41: =B41*C41 -> 0 | E41: 0 | F41: 0 | G41: =E41*F41 -> 0 | H41: 0 | I41: 0 | J41: =H41*I41 -> 0 | K41: 0 | L41: 0 | M41: =K41*L41 -> 0 | N41: =M41+J41+G41+D41 -> 0
A42: G&A | B42: 0 | C42: 0 | D42: =B42*C42 -> 0 | E42: 0 | F42: 0 | G42: =E42*F42 -> 0 | H42: 0 | I42: 0 | J42: =H42*I42 -> 0 | K42: 0 | L42: 0 | M42: =K42*L42 -> 0 | N42: =M42+J42+G42+D42 -> 0
A43: TOTAL FCCM | D43: =SUM(D39:D42) -> 0 | G43: =SUM(G39:G42) -> 0 | J43: =SUM(J39:J42) -> 0 | M43: =SUM(M39:M42) -> 0 | N43: =SUM(N39:N42) -> 0
A45: TOTAL COST | D45: =D36+D43 -> 0 | G45: =G36+G43 -> 0 | J45: =J36+J43 -> 0 | M45: =M36+M43 -> 0 | N45: =N36+N43 -> 0
B46: =#REF! -> #REF! | H46: =#REF! -> #REF!
A47: FIXED FEE | B47: =D36 -> 0 | C47: 0 | D47: =B47*C47 -> 0 | E47: =G36 -> 0 | F47: 0 | G47: =E47*F47 -> 0 | H47: =J36 -> 0 | I47: 0 | J47: =H47*I47 -> 0 | K47: =M36 -> 0 | L47: 0 | M47: =K47*L47 -> 0 | N47: =M47+J47+G47+D47 -> 0
B48: =#REF! -> #REF! | H48: =#REF! -> #REF!
A50: TOTAL PRICE | D50: =D45+D47 -> 0 | G50: =G45+G47 -> 0 | J50: =J45+J47 -> 0 | M50: =M45+M47 -> 0 | N50: =N45+N47 -> 0
A51: Notes:
A52: 1. Cost format A may be revised as required to be consistent with the contractor's approved accounting system.
A53: 2. The numbers contained in the RFP Exhibit are examples only -- remove or replace in proposal.
A54: 3. The Period of Performance (PoP) for CLIN 3003 is 18 Months. The offeror shall fill out the above model for the applicable PoP.
A55: 4. The Offeror shall add the applicable labor categories above.
A56: 5. Total Cost and Fee shall roll into Format D CLIN 3003 pricing.

Sheet Format A CLIN 4003
A2: HH-60W Degraded Visual Environment System Production Installation Labor
A4: CLIN 4003 | B4: Ordering Period 4 (CLIN 4003) | N4: 4003 Total
B5: 2034 | E5: 2035
A6: COST/PRICE ELEMENT | B6: HOURS/BASE | C6: RATE | D6: 2034 Total | E6: HOURS/BASE | F6: RATE | G6: 2035 Total | H6: HOURS/BASE | I6: RATE | J6: Total | K6: HOURS/BASE | L6: RATE | M6: Total | N6: 4003 Total Amount
A7: DIRECT LABOR | B7: Labor Hours | E7: Labor Hours | H7: Labor Hours | K7: Labor Hours
A8: LABOR CATEGORY 1 | B8: 0 | C8: 0 | D8: =C8*B8 -> 0 | E8: 0 | F8: 0 | G8: =F8*E8 -> 0 | H8: 0 | I8: 0 | J8: =I8*H8 -> 0 | K8: 0 | L8: 0 | M8: =L8*K8 -> 0 | N8: =M8+J8+G8+D8 -> 0
A9: LABOR CATEGORY 2 | B9: 0 | C9: 0 | D9: =C9*B9 -> 0 | E9: 0 | F9: 0 | G9: =F9*E9 -> 0 | H9: 0 | I9: 0 | J9: =I9*H9 -> 0 | K9: 0 | L9: 0 | M9: =L9*K9 -> 0 | N9: =M9+J9+G9+D9 -> 0
A10: LABOR CATEGORY 3 | B10: 0 | C10: 0 | D10: =C10*B10 -> 0 | E10: 0 | F10: 0 | G10: =F10*E10 -> 0 | H10: 0 | I10: 0 | J10: =I10*H10 -> 0 | K10: 0 | L10: 0 | M10: =L10*K10 -> 0 | N10: =M10+J10+G10+D10 -> 0
A11: LABOR CATEGORY 4 | B11: 0 | C11: 0 | D11: =C11*B11 -> 0 | E11: 0 | F11: 0 | G11: =F11*E11 -> 0 | H11: 0 | I11: 0 | J11: =I11*H11 -> 0 | K11: 0 | L11: 0 | M11: =L11*K11 -> 0 | N11: =M11+J11+G11+D11 -> 0
A12: LABOR CATEGORY 5 | B12: 0 | C12: 0 | D12: =C12*B12 -> 0 | E12: 0 | F12: 0 | G12: =F12*E12 -> 0 | H12: 0 | I12: 0 | J12: =I12*H12 -> 0 | K12: 0 | L12: 0 | M12: =L12*K12 -> 0 | N12: =M12+J12+G12+D12 -> 0
A13: LABOR CATEGORY 6 | B13: 0 | C13: 0 | D13: =C13*B13 -> 0 | E13: 0 | F13: 0 | G13: =F13*E13 -> 0 | H13: 0 | I13: 0 | J13: =I13*H13 -> 0 | K13: 0 | L13: 0 | M13: =L13*K13 -> 0 | N13: =M13+J13+G13+D13 -> 0
A14: LABOR CATEGORY 7 | B14: 0 | C14: 0 | D14: =C14*B14 -> 0 | E14: 0 | F14: 0 | G14: =F14*E14 -> 0 | H14: 0 | I14: 0 | J14: =I14*H14 -> 0 | K14: 0 | L14: 0 | M14: =L14*K14 -> 0 | N14: =M14+J14+G14+D14 -> 0
A15: LABOR CATEGORY 8 | B15: 0 | C15: 0 | D15: =C15*B15 -> 0 | E15: 0 | F15: 0 | G15: =F15*E15 -> 0 | H15: 0 | I15: 0 | J15: =I15*H15 -> 0 | K15: 0 | L15: 0 | M15: =L15*K15 -> 0 | N15: =M15+J15+G15+D15 -> 0
A16: LABOR CATEGORY 9 | B16: 0 | C16: 0 | D16: =C16*B16 -> 0 | E16: 0 | F16: 0 | G16: =F16*E16 -> 0 | H16: 0 | I16: 0 | J16: =I16*H16 -> 0 | K16: 0 | L16: 0 | M16: =L16*K16 -> 0 | N16: =M16+J16+G16+D16 -> 0
A17: LABOR CATEGORY 10 | B17: 0 | C17: 0 | D17: =C17*B17 -> 0 | E17: 0 | F17: 0 | G17: =F17*E17 -> 0 | H17: 0 | I17: 0 | J17: =I17*H17 -> 0 | K17: 0 | L17: 0 | M17: =L17*K17 -> 0 | N17: =M17+J17+G17+D17 -> 0
A18: LABOR CATEGORY 11 | B18: 0 | C18: 0 | D18: =C18*B18 -> 0 | E18: 0 | F18: 0 | G18: =F18*E18 -> 0 | H18: 0 | I18: 0 | J18: =I18*H18 -> 0 | K18: 0 | L18: 0 | M18: =L18*K18 -> 0 | N18: =M18+J18+G18+D18 -> 0
A19: LABOR CATEGORY 12 | B19: 0 | C19: 0 | D19: =C19*B19 -> 0 | E19: 0 | F19: 0 | G19: =F19*E19 -> 0 | H19: 0 | I19: 0 | J19: =I19*H19 -> 0 | K19: 0 | L19: 0 | M19: =L19*K19 -> 0 | N19: =M19+J19+G19+D19 -> 0
A20: TOTAL DIRECT LABOR | B20: =SUM(B8:B19) -> 0 | D20: =SUM(D8:D19) -> 0 | E20: =SUM(E8:E19) -> 0 | G20: =SUM(G8:G19) -> 0 | H20: =SUM(H8:H19) -> 0 | J20: =SUM(J8:J19) -> 0 | K20: =SUM(K8:K19) -> 0 | M20: =SUM(M8:M19) -> 0 | N20: =SUM(N8:N19) -> 0
A22: ENG OVERHEAD | B22: 0 | C22: 0 | D22: =B22*C22 -> 0 | E22: 0 | F22: 0 | G22: =E22*F22 -> 0 | H22: 0 | I22: 0 | J22: =H22*I22 -> 0 | K22: 0 | L22: 0 | M22: =K22*L22 -> 0 | N22: =M22+J22+G22+D22 -> 0
A23: FLD OVERHEAD | B23: 0 | C23: 0 | D23: =B23*C23 -> 0 | E23: 0 | F23: 0 | G23: =E23*F23 -> 0 | H23: 0 | I23: 0 | J23: =H23*I23 -> 0 | K23: 0 | L23: 0 | M23: =K23*L23 -> 0 | N23: =M23+J23+G23+D23 -> 0
A24: MFG OVERHEAD | B24: 0 | C24: 0 | D24: =B24*C24 -> 0 | E24: 0 | F24: 0 | G24: =E24*F24 -> 0 | H24: 0 | I24: 0 | J24: =H24*I24 -> 0 | K24: 0 | L24: 0 | M24: =K24*L24 -> 0 | N24: =M24+J24+G24+D24 -> 0
A25: TOTAL INDIRECT LABOR EXPENSE | D25: =SUM(D22:D24) -> 0 | E25: 0 | G25: =SUM(G22:G24) -> 0 | J25: =SUM(J22:J24) -> 0 | M25: =SUM(M22:M24) -> 0 | N25: =SUM(N22:N24) -> 0
A27: SUB-TIER VENDOR (SUBCONTRACTOR/INTERCOMPANY/TEAMMATE)
A28: SUB-TIER VENDOR 1 | D28: 0 | G28: 0 | J28: 0 | M28: 0 | N28: =M28+J28+G28+D28 -> 0
A29: SUB-TIER VENDOR 2 | D29: 0 | G29: 0 | J29: 0 | M29: 0 | N29: =M29+J29+G29+D29 -> 0
A30: SUB-TIER VENDOR 3 | D30: 0 | G30: 0 | J30: 0 | M30: 0 | N30: =M30+J30+G30+D30 -> 0
A31: TOTAL SUB-TIER VENDOR COSTS/PRICES | D31: =SUM(D28:D30) -> 0 | G31: =SUM(G28:G30) -> 0 | J31: =SUM(J28:J30) -> 0 | M31: =SUM(M28:M30) -> 0 | N31: =SUM(N28:N30) -> 0
A32: SUBTOTAL | D32: =D20+D25+D31 -> 0 | G32: =G20+G25+G31 -> 0 | J32: =J20+J25+J31 -> 0 | M32: =M20+M25+M31 -> 0 | N32: =M32+J32+G32+D32 -> 0
A34: G&A | B34: 0 | C34: 0 | D34: =B34*C34 -> 0 | E34: 0 | F34: 0 | G34: =E34*F34 -> 0 | H34: 0 | I34: 0 | J34: =H34*I34 -> 0 | K34: 0 | L34: 0 | M34: =K34*L34 -> 0 | N34: =M34+J34+G34+D34 -> 0
A36: SUBTOTAL COST | D36: =D32+D34 -> 0 | G36: =G32+G34 -> 0 | J36: =J32+J34 -> 0 | M36: =M32+M34 -> 0 | N36: =N32+N34 -> 0
A38: FACILITIES CAPITAL COST OF MONEY
A39: ENG DIRECT LABOR | B39: 0 | C39: 0 | D39: =B39*C39 -> 0 | E39: 0 | F39: 0 | G39: =E39*F39 -> 0 | H39: 0 | I39: 0 | J39: =H39*I39 -> 0 | K39: 0 | L39: 0 | M39: =K39*L39 -> 0 | N39: =M39+J39+G39+D39 -> 0
A40: FLD DIRECT LABOR | B40: 0 | C40: 0 | D40: =B40*C40 -> 0 | E40: 0 | F40: 0 | G40: =E40*F40 -> 0 | H40: 0 | I40: 0 | J40: =H40*I40 -> 0 | K40: 0 | L40: 0 | M40: =K40*L40 -> 0 | N40: =M40+J40+G40+D40 -> 0
A41: MFG DIRECT LABOR | B41: 0 | C41: 0 | D41: =B41*C41 -> 0 | E41: 0 | F41: 0 | G41: =E41*F41 -> 0 | H41: 0 | I41: 0 | J41: =H41*I41 -> 0 | K41: 0 | L41: 0 | M41: =K41*L41 -> 0 | N41: =M41+J41+G41+D41 -> 0
A42: G&A | B42: 0 | C42: 0 | D42: =B42*C42 -> 0 | E42: 0 | F42: 0 | G42: =E42*F42 -> 0 | H42: 0 | I42: 0 | J42: =H42*I42 -> 0 | K42: 0 | L42: 0 | M42: =K42*L42 -> 0 | N42: =M42+J42+G42+D42 -> 0
A43: TOTAL FCCM | D43: =SUM(D39:D42) -> 0 | G43: =SUM(G39:G42) -> 0 | J43: =SUM(J39:J42) -> 0 | M43: =SUM(M39:M42) -> 0 | N43: =SUM(N39:N42) -> 0
A45: TOTAL COST | D45: =D36+D43 -> 0 | G45: =G36+G43 -> 0 | J45: =J36+J43 -> 0 | M45: =M36+M43 -> 0 | N45: =N36+N43 -> 0
B46: =#REF! -> #REF! | H46: =#REF! -> #REF!
A47: FIXED FEE | B47: =D36 -> 0 | C47: 0 | D47: =B47*C47 -> 0 | E47: =G36 -> 0 | F47: 0 | G47: =E47*F47 -> 0 | H47: =J36 -> 0 | I47: 0 | J47: =H47*I47 -> 0 | K47: =M36 -> 0 | L47: 0 | M47: =K47*L47 -> 0 | N47: =M47+J47+G47+D47 -> 0
B48: =#REF! -> #REF! | H48: =#REF! -> #REF!
A50: TOTAL PRICE | D50: =D45+D47 -> 0 | G50: =G45+G47 -> 0 | J50: =J45+J47 -> 0 | M50: =M45+M47 -> 0 | N50: =N45+N47 -> 0
A51: Notes:
A52: 1. Cost format A may be revised as required to be consistent with the contractor's approved accounting system.
A53: 2. The numbers contained in the RFP Exhibit are examples only -- remove or replace in proposal.
A54: 3. The Period of Performance (PoP) for CLIN 4003 is 18 Months. The offeror shall fill out the above model for the applicable PoP.
A55: 4. The Offeror shall add the applicable labor categories above.
A56: 5. Total Cost and Fee shall roll into Format D CLIN 4003 pricing.

Sheet Format A CLIN 5001
A2: HH-60W Degraded Visual Environment System Production Installation Labor
A4: CLIN 5001 | B4: Ordering Period 5 (CLIN 5001) | N4: 5001 Total
B5: 2035 | E5: 2036
A6: COST/PRICE ELEMENT | B6: HOURS/BASE | C6: RATE | D6: 2035 Total | E6: HOURS/BASE | F6: RATE | G6: 2036 Total | H6: HOURS/BASE | I6: RATE | J6: Total | K6: HOURS/BASE | L6: RATE | M6: Total | N6: 5001 Total Amount
A7: DIRECT LABOR | B7: Labor Hours | E7: Labor Hours | H7: Labor Hours | K7: Labor Hours
A8: LABOR CATEGORY 1 | B8: 0 | C8: 0 | D8: =C8*B8 -> 0 | E8: 0 | F8: 0 | G8: =F8*E8 -> 0 | H8: 0 | I8: 0 | J8: =I8*H8 -> 0 | K8: 0 | L8: 0 | M8: =L8*K8 -> 0 | N8: =M8+J8+G8+D8 -> 0
A9: LABOR CATEGORY 2 | B9: 0 | C9: 0 | D9: =C9*B9 -> 0 | E9: 0 | F9: 0 | G9: =F9*E9 -> 0 | H9: 0 | I9: 0 | J9: =I9*H9 -> 0 | K9: 0 | L9: 0 | M9: =L9*K9 -> 0 | N9: =M9+J9+G9+D9 -> 0
A10: LABOR CATEGORY 3 | B10: 0 | C10: 0 | D10: =C10*B10 -> 0 | E10: 0 | F10: 0 | G10: =F10*E10 -> 0 | H10: 0 | I10: 0 | J10: =I10*H10 -> 0 | K10: 0 | L10: 0 | M10: =L10*K10 -> 0 | N10: =M10+J10+G10+D10 -> 0
A11: LABOR CATEGORY 4 | B11: 0 | C11: 0 | D11: =C11*B11 -> 0 | E11: 0 | F11: 0 | G11: =F11*E11 -> 0 | H11: 0 | I11: 0 | J11: =I11*H11 -> 0 | K11: 0 | L11: 0 | M11: =L11*K11 -> 0 | N11: =M11+J11+G11+D11 -> 0
A12: LABOR CATEGORY 5 | B12: 0 | C12: 0 | D12: =C12*B12 -> 0 | E12: 0 | F12: 0 | G12: =F12*E12 -> 0 | H12: 0 | I12: 0 | J12: =I12*H12 -> 0 | K12: 0 | L12: 0 | M12: =L12*K12 -> 0 | N12: =M12+J12+G12+D12 -> 0
A13: LABOR CATEGORY 6 | B13: 0 | C13: 0 | D13: =C13*B13 -> 0 | E13: 0 | F13: 0 | G13: =F13*E13 -> 0 | H13: 0 | I13: 0 | J13: =I13*H13 -> 0 | K13: 0 | L13: 0 | M13: =L13*K13 -> 0 | N13: =M13+J13+G13+D13 -> 0
A14: LABOR CATEGORY 7 | B14: 0 | C14: 0 | D14: =C14*B14 -> 0 | E14: 0 | F14: 0 | G14: =F14*E14 -> 0 | H14: 0 | I14: 0 | J14: =I14*H14 -> 0 | K14: 0 | L14: 0 | M14: =L14*K14 -> 0 | N14: =M14+J14+G14+D14 -> 0
A15: LABOR CATEGORY 8 | B15: 0 | C15: 0 | D15: =C15*B15 -> 0 | E15: 0 | F15: 0 | G15: =F15*E15 -> 0 | H15: 0 | I15: 0 | J15: =I15*H15 -> 0 | K15: 0 | L15: 0 | M15: =L15*K15 -> 0 | N15: =M15+J15+G15+D15 -> 0
A16: LABOR CATEGORY 9 | B16: 0 | C16: 0 | D16: =C16*B16 -> 0 | E16: 0 | F16: 0 | G16: =F16*E16 -> 0 | H16: 0 | I16: 0 | J16: =I16*H16 -> 0 | K16: 0 | L16: 0 | M16: =L16*K16 -> 0 | N16: =M16+J16+G16+D16 -> 0
A17: LABOR CATEGORY 10 | B17: 0 | C17: 0 | D17: =C17*B17 -> 0 | E17: 0 | F17: 0 | G17: =F17*E17 -> 0 | H17: 0 | I17: 0 | J17: =I17*H17 -> 0 | K17: 0 | L17: 0 | M17: =L17*K17 -> 0 | N17: =M17+J17+G17+D17 -> 0
A18: LABOR CATEGORY 11 | B18: 0 | C18: 0 | D18: =C18*B18 -> 0 | E18: 0 | F18: 0 | G18: =F18*E18 -> 0 | H18: 0 | I18: 0 | J18: =I18*H18 -> 0 | K18: 0 | L18: 0 | M18: =L18*K18 -> 0 | N18: =M18+J18+G18+D18 -> 0
A19: LABOR CATEGORY 12 | B19: 0 | C19: 0 | D19: =C19*B19 -> 0 | E19: 0 | F19: 0 | G19: =F19*E19 -> 0 | H19: 0 | I19: 0 | J19: =I19*H19 -> 0 | K19: 0 | L19: 0 | M19: =L19*K19 -> 0 | N19: =M19+J19+G19+D19 -> 0
A20: TOTAL DIRECT LABOR | B20: =SUM(B8:B19) -> 0 | D20: =SUM(D8:D19) -> 0 | E20: =SUM(E8:E19) -> 0 | G20: =SUM(G8:G19) -> 0 | H20: =SUM(H8:H19) -> 0 | J20: =SUM(J8:J19) -> 0 | K20: =SUM(K8:K19) -> 0 | M20: =SUM(M8:M19) -> 0 | N20: =SUM(N8:N19) -> 0
A22: ENG OVERHEAD | B22: 0 | C22: 0 | D22: =B22*C22 -> 0 | E22: 0 | F22: 0 | G22: =E22*F22 -> 0 | H22: 0 | I22: 0 | J22: =H22*I22 -> 0 | K22: 0 | L22: 0 | M22: =K22*L22 -> 0 | N22: =M22+J22+G22+D22 -> 0
A23: FLD OVERHEAD | B23: 0 | C23: 0 | D23: =B23*C23 -> 0 | E23: 0 | F23: 0 | G23: =E23*F23 -> 0 | H23: 0 | I23: 0 | J23: =H23*I23 -> 0 | K23: 0 | L23: 0 | M23: =K23*L23 -> 0 | N23: =M23+J23+G23+D23 -> 0
A24: MFG OVERHEAD | B24: 0 | C24: 0 | D24: =B24*C24 -> 0 | E24: 0 | F24: 0 | G24: =E24*F24 -> 0 | H24: 0 | I24: 0 | J24: =H24*I24 -> 0 | K24: 0 | L24: 0 | M24: =K24*L24 -> 0 | N24: =M24+J24+G24+D24 -> 0
A25: TOTAL INDIRECT LABOR EXPENSE | D25: =SUM(D22:D24) -> 0 | E25: 0 | G25: =SUM(G22:G24) -> 0 | J25: =SUM(J22:J24) -> 0 | M25: =SUM(M22:M24) -> 0 | N25: =SUM(N22:N24) -> 0
A27: SUB-TIER VENDOR (SUBCONTRACTOR/INTERCOMPANY/TEAMMATE)
A28: SUB-TIER VENDOR 1 | D28: 0 | G28: 0 | J28: 0 | M28: 0 | N28: =M28+J28+G28+D28 -> 0
A29: SUB-TIER VENDOR 2 | D29: 0 | G29: 0 | J29: 0 | M29: 0 | N29: =M29+J29+G29+D29 -> 0
A30: SUB-TIER VENDOR 3 | D30: 0 | G30: 0 | J30: 0 | M30: 0 | N30: =M30+J30+G30+D30 -> 0
A31: TOTAL SUB-TIER VENDOR COSTS/PRICES | D31: =SUM(D28:D30) -> 0 | G31: =SUM(G28:G30) -> 0 | J31: =SUM(J28:J30) -> 0 | M31: =SUM(M28:M30) -> 0 | N31: =SUM(N28:N30) -> 0
A32: SUBTOTAL | D32: =D20+D25+D31 -> 0 | G32: =G20+G25+G31 -> 0 | J32: =J20+J25+J31 -> 0 | M32: =M20+M25+M31 -> 0 | N32: =M32+J32+G32+D32 -> 0
A34: G&A | B34: 0 | C34: 0 | D34: =B34*C34 -> 0 | E34: 0 | F34: 0 | G34: =E34*F34 -> 0 | H34: 0 | I34: 0 | J34: =H34*I34 -> 0 | K34: 0 | L34: 0 | M34: =K34*L34 -> 0 | N34: =M34+J34+G34+D34 -> 0
A36: SUBTOTAL COST | D36: =D32+D34 -> 0 | G36: =G32+G34 -> 0 | J36: =J32+J34 -> 0 | M36: =M32+M34 -> 0 | N36: =N32+N34 -> 0
A38: FACILITIES CAPITAL COST OF MONEY
A39: ENG DIRECT LABOR | B39: 0 | C39: 0 | D39: =B39*C39 -> 0 | E39: 0 | F39: 0 | G39: =E39*F39 -> 0 | H39: 0 | I39: 0 | J39: =H39*I39 -> 0 | K39: 0 | L39: 0 | M39: =K39*L39 -> 0 | N39: =M39+J39+G39+D39 -> 0
A40: FLD DIRECT LABOR | B40: 0 | C40: 0 | D40: =B40*C40 -> 0 | E40: 0 | F40: 0 | G40: =E40*F40 -> 0 | H40: 0 | I40: 0 | J40: =H40*I40 -> 0 | K40: 0 | L40: 0 | M40: =K40*L40 -> 0 | N40: =M40+J40+G40+D40 -> 0
A41: MFG DIRECT LABOR | B41: 0 | C41: 0 | D41: =B41*C41 -> 0 | E41: 0 | F41: 0 | G41: =E41*F41 -> 0 | H41: 0 | I41: 0 | J41: =H41*I41 -> 0 | K41: 0 | L41: 0 | M41: =K41*L41 -> 0 | N41: =M41+J41+G41+D41 -> 0
A42: G&A | B42: 0 | C42: 0 | D42: =B42*C42 -> 0 | E42: 0 | F42: 0 | G42: =E42*F42 -> 0 | H42: 0 | I42: 0 | J42: =H42*I42 -> 0 | K42: 0 | L42: 0 | M42: =K42*L42 -> 0 | N42: =M42+J42+G42+D42 -> 0
A43: TOTAL FCCM | D43: =SUM(D39:D42) -> 0 | G43: =SUM(G39:G42) -> 0 | J43: =SUM(J39:J42) -> 0 | M43: =SUM(M39:M42) -> 0 | N43: =SUM(N39:N42) -> 0
A45: TOTAL COST | D45: =D36+D43 -> 0 | G45: =G36+G43 -> 0 | J45: =J36+J43 -> 0 | M45: =M36+M43 -> 0 | N45: =N36+N43 -> 0
B46: =#REF! -> #REF! | H46: =#REF! -> #REF!
A47: FIXED FEE | B47: =D36 -> 0 | C47: 0 | D47: =B47*C47 -> 0 | E47: =G36 -> 0 | F47: 0 | G47: =E47*F47 -> 0 | H47: =J36 -> 0 | I47: 0 | J47: =H47*I47 -> 0 | K47: =M36 -> 0 | L47: 0 | M47: =K47*L47 -> 0 | N47: =M47+J47+G47+D47 -> 0
B48: =#REF! -> #REF! | H48: =#REF! -> #REF!
A50: TOTAL PRICE | D50: =D45+D47 -> 0 | G50: =G45+G47 -> 0 | J50: =J45+J47 -> 0 | M50: =M45+M47 -> 0 | N50: =N45+N47 -> 0
A51: Notes:
A52: 1. Cost format A may be revised as required to be consistent with the contractor's approved accounting system.
A53: 2. The numbers contained in the RFP Exhibit are examples only -- remove or replace in proposal.
A54: 3. The Period of Performance (PoP) for CLIN 5001 is 12 Months. The offeror shall fill out the above model for the applicable PoP.
A55: 4. The Offeror shall add the applicable labor categories above.
A56: 5. Total Cost and Fee shall roll into Format D CLIN 5001 pricing.

Sheet Format A CLIN 6001
A2: HH-60W Degraded Visual Environment System Production Installation Labor
A4: CLIN 6001 | B4: Ordering Period 6 (CLIN 6001) | N4: 6001 Total
B5: 2036 | E5: 2037
A6: COST/PRICE ELEMENT | B6: HOURS/BASE | C6: RATE | D6: 2036 Total | E6: HOURS/BASE | F6: RATE | G6: 2037 Total | H6: HOURS/BASE | I6: RATE | J6: Total | K6: HOURS/BASE | L6: RATE | M6: Total | N6: 6001 Total Amount
A7: DIRECT LABOR | B7: Labor Hours | E7: Labor Hours | H7: Labor Hours | K7: Labor Hours
A8: LABOR CATEGORY 1 | B8: 0 | C8: 0 | D8: =C8*B8 -> 0 | E8: 0 | F8: 0 | G8: =F8*E8 -> 0 | H8: 0 | I8: 0 | J8: =I8*H8 -> 0 | K8: 0 | L8: 0 | M8: =L8*K8 -> 0 | N8: =M8+J8+G8+D8 -> 0
A9: LABOR CATEGORY 2 | B9: 0 | C9: 0 | D9: =C9*B9 -> 0 | E9: 0 | F9: 0 | G9: =F9*E9 -> 0 | H9: 0 | I9: 0 | J9: =I9*H9 -> 0 | K9: 0 | L9: 0 | M9: =L9*K9 -> 0 | N9: =M9+J9+G9+D9 -> 0
A10: LABOR CATEGORY 3 | B10: 0 | C10: 0 | D10: =C10*B10 -> 0 | E10: 0 | F10: 0 | G10: =F10*E10 -> 0 | H10: 0 | I10: 0 | J10: =I10*H10 -> 0 | K10: 0 | L10: 0 | M10: =L10*K10 -> 0 | N10: =M10+J10+G10+D10 -> 0
A11: LABOR CATEGORY 4 | B11: 0 | C11: 0 | D11: =C11*B11 -> 0 | E11: 0 | F11: 0 | G11: =F11*E11 -> 0 | H11: 0 | I11: 0 | J11: =I11*H11 -> 0 | K11: 0 | L11: 0 | M11: =L11*K11 -> 0 | N11: =M11+J11+G11+D11 -> 0
A12: LABOR CATEGORY 5 | B12: 0 | C12: 0 | D12: =C12*B12 -> 0 | E12: 0 | F12: 0 | G12: =F12*E12 -> 0 | H12: 0 | I12: 0 | J12: =I12*H12 -> 0 | K12: 0 | L12: 0 | M12: =L12*K12 -> 0 | N12: =M12+J12+G12+D12 -> 0
A13: LABOR CATEGORY 6 | B13: 0 | C13: 0 | D13: =C13*B13 -> 0 | E13: 0 | F13: 0 | G13: =F13*E13 -> 0 | H13: 0 | I13: 0 | J13: =I13*H13 -> 0 | K13: 0 | L13: 0 | M13: =L13*K13 -> 0 | N13: =M13+J13+G13+D13 -> 0
A14: LABOR CATEGORY 7 | B14: 0 | C14: 0 | D14: =C14*B14 -> 0 | E14: 0 | F14: 0 | G14: =F14*E14 -> 0 | H14: 0 | I14: 0 | J14: =I14*H14 -> 0 | K14: 0 | L14: 0 | M14: =L14*K14 -> 0 | N14: =M14+J14+G14+D14 -> 0
A15: LABOR CATEGORY 8 | B15: 0 | C15: 0 | D15: =C15*B15 -> 0 | E15: 0 | F15: 0 | G15: =F15*E15 -> 0 | H15: 0 | I15: 0 | J15: =I15*H15 -> 0 | K15: 0 | L15: 0 | M15: =L15*K15 -> 0 | N15: =M15+J15+G15+D15 -> 0
A16: LABOR CATEGORY 9 | B16: 0 | C16: 0 | D16: =C16*B16 -> 0 | E16: 0 | F16: 0 | G16: =F16*E16 -> 0 | H16: 0 | I16: 0 | J16: =I16*H16 -> 0 | K16: 0 | L16: 0 | M16: =L16*K16 -> 0 | N16: =M16+J16+G16+D16 -> 0
A17: LABOR CATEGORY 10 | B17: 0 | C17: 0 | D17: =C17*B17 -> 0 | E17: 0 | F17: 0 | G17: =F17*E17 -> 0 | H17: 0 | I17: 0 | J17: =I17*H17 -> 0 | K17: 0 | L17: 0 | M17: =L17*K17 -> 0 | N17: =M17+J17+G17+D17 -> 0
A18: LABOR CATEGORY 11 | B18: 0 | C18: 0 | D18: =C18*B18 -> 0 | E18: 0 | F18: 0 | G18: =F18*E18 -> 0 | H18: 0 | I18: 0 | J18: =I18*H18 -> 0 | K18: 0 | L18: 0 | M18: =L18*K18 -> 0 | N18: =M18+J18+G18+D18 -> 0
A19: LABOR CATEGORY 12 | B19: 0 | C19: 0 | D19: =C19*B19 -> 0 | E19: 0 | F19: 0 | G19: =F19*E19 -> 0 | H19: 0 | I19: 0 | J19: =I19*H19 -> 0 | K19: 0 | L19: 0 | M19: =L19*K19 -> 0 | N19: =M19+J19+G19+D19 -> 0
A20: TOTAL DIRECT LABOR | B20: =SUM(B8:B19) -> 0 | D20: =SUM(D8:D19) -> 0 | E20: =SUM(E8:E19) -> 0 | G20: =SUM(G8:G19) -> 0 | H20: =SUM(H8:H19) -> 0 | J20: =SUM(J8:J19) -> 0 | K20: =SUM(K8:K19) -> 0 | M20: =SUM(M8:M19) -> 0 | N20: =SUM(N8:N19) -> 0
A22: ENG OVERHEAD | B22: 0 | C22: 0 | D22: =B22*C22 -> 0 | E22: 0 | F22: 0 | G22: =E22*F22 -> 0 | H22: 0 | I22: 0 | J22: =H22*I22 -> 0 | K22: 0 | L22: 0 | M22: =K22*L22 -> 0 | N22: =M22+J22+G22+D22 -> 0
A23: FLD OVERHEAD | B23: 0 | C23: 0 | D23: =B23*C23 -> 0 | E23: 0 | F23: 0 | G23: =E23*F23 -> 0 | H23: 0 | I23: 0 | J23: =H23*I23 -> 0 | K23: 0 | L23: 0 | M23: =K23*L23 -> 0 | N23: =M23+J23+G23+D23 -> 0
A24: MFG OVERHEAD | B24: 0 | C24: 0 | D24: =B24*C24 -> 0 | E24: 0 | F24: 0 | G24: =E24*F24 -> 0 | H24: 0 | I24: 0 | J24: =H24*I24 -> 0 | K24: 0 | L24: 0 | M24: =K24*L24 -> 0 | N24: =M24+J24+G24+D24 -> 0
A25: TOTAL INDIRECT LABOR EXPENSE | D25: =SUM(D22:D24) -> 0 | E25: 0 | G25: =SUM(G22:G24) -> 0 | J25: =SUM(J22:J24) -> 0 | M25: =SUM(M22:M24) -> 0 | N25: =SUM(N22:N24) -> 0
A27: SUB-TIER VENDOR (SUBCONTRACTOR/INTERCOMPANY/TEAMMATE)
A28: SUB-TIER VENDOR 1 | D28: 0 | G28: 0 | J28: 0 | M28: 0 | N28: =M28+J28+G28+D28 -> 0
A29: SUB-TIER VENDOR 2 | D29: 0 | G29: 0 | J29: 0 | M29: 0 | N29: =M29+J29+G29+D29 -> 0
A30: SUB-TIER VENDOR 3 | D30: 0 | G30: 0 | J30: 0 | M30: 0 | N30: =M30+J30+G30+D30 -> 0
A31: TOTAL SUB-TIER VENDOR COSTS/PRICES | D31: =SUM(D28:D30) -> 0 | G31: =SUM(G28:G30) -> 0 | J31: =SUM(J28:J30) -> 0 | M31: =SUM(M28:M30) -> 0 | N31: =SUM(N28:N30) -> 0
A32: SUBTOTAL | D32: =D20+D25+D31 -> 0 | G32: =G20+G25+G31 -> 0 | J32: =J20+J25+J31 -> 0 | M32: =M20+M25+M31 -> 0 | N32: =M32+J32+G32+D32 -> 0
A34: G&A | B34: 0 | C34: 0 | D34: =B34*C34 -> 0 | E34: 0 | F34: 0 | G34: =E34*F34 -> 0 | H34: 0 | I34: 0 | J34: =H34*I34 -> 0 | K34: 0 | L34: 0 | M34: =K34*L34 -> 0 | N34: =M34+J34+G34+D34 -> 0
A36: SUBTOTAL COST | D36: =D32+D34 -> 0 | G36: =G32+G34 -> 0 | J36: =J32+J34 -> 0 | M36: =M32+M34 -> 0 | N36: =N32+N34 -> 0
A38: FACILITIES CAPITAL COST OF MONEY
A39: ENG DIRECT LABOR | B39: 0 | C39: 0 | D39: =B39*C39 -> 0 | E39: 0 | F39: 0 | G39: =E39*F39 -> 0 | H39: 0 | I39: 0 | J39: =H39*I39 -> 0 | K39: 0 | L39: 0 | M39: =K39*L39 -> 0 | N39: =M39+J39+G39+D39 -> 0
A40: FLD DIRECT LABOR | B40: 0 | C40: 0 | D40: =B40*C40 -> 0 | E40: 0 | F40: 0 | G40: =E40*F40 -> 0 | H40: 0 | I40: 0 | J40: =H40*I40 -> 0 | K40: 0 | L40: 0 | M40: =K40*L40 -> 0 | N40: =M40+J40+G40+D40 -> 0
A41: MFG DIRECT LABOR | B41: 0 | C41: 0 | D41: =B41*C41 -> 0 | E41: 0 | F41: 0 | G41: =E41*F41 -> 0 | H41: 0 | I41: 0 | J41: =H41*I41 -> 0 | K41: 0 | L41: 0 | M41: =K41*L41 -> 0 | N41: =M41+J41+G41+D41 -> 0
A42: G&A | B42: 0 | C42: 0 | D42: =B42*C42 -> 0 | E42: 0 | F42: 0 | G42: =E42*F42 -> 0 | H42: 0 | I42: 0 | J42: =H42*I42 -> 0 | K42: 0 | L42: 0 | M42: =K42*L42 -> 0 | N42: =M42+J42+G42+D42 -> 0
A43: TOTAL FCCM | D43: =SUM(D39:D42) -> 0 | G43: =SUM(G39:G42) -> 0 | J43: =SUM(J39:J42) -> 0 | M43: =SUM(M39:M42) -> 0 | N43: =SUM(N39:N42) -> 0
A45: TOTAL COST | D45: =D36+D43 -> 0 | G45: =G36+G43 -> 0 | J45: =J36+J43 -> 0 | M45: =M36+M43 -> 0 | N45: =N36+N43 -> 0
B46: =#REF! -> #REF! | H46: =#REF! -> #REF!
A47: FIXED FEE | B47: =D36 -> 0 | C47: 0 | D47: =B47*C47 -> 0 | E47: =G36 -> 0 | F47: 0 | G47: =E47*F47 -> 0 | H47: =J36 -> 0 | I47: 0 | J47: =H47*I47 -> 0 | K47: =M36 -> 0 | L47: 0 | M47: =K47*L47 -> 0 | N47: =M47+J47+G47+D47 -> 0
B48: =#REF! -> #REF! | H48: =#REF! -> #REF!
A50: TOTAL PRICE | D50: =D45+D47 -> 0 | G50: =G45+G47 -> 0 | J50: =J45+J47 -> 0 | M50: =M45+M47 -> 0 | N50: =N45+N47 -> 0
A51: Notes:
A52: 1. Cost format A may be revised as required to be consistent with the contractor's approved accounting system.
A53: 2. The numbers contained in the RFP Exhibit are examples only -- remove or replace in proposal.
A54: 3. The Period of Performance (PoP) for CLIN 6001 is 12 Months. The offeror shall fill out the above model for the applicable PoP.
A55: 4. The Offeror shall add the applicable labor categories above.
A56: 5. Total Cost and Fee shall roll into Format D CLIN 6001 pricing.

Sheet Format B
A1: RATE OR FACTOR TITLE | B1: APPLICATION | C1: 2027 | D1: 2028 | E1: 2029
A2: DIRECT LABOR
A3: LABOR CATEGORY 1
A4: LABOR CATEGORY 2
A5: LABOR CATEGORY 3
A6: LABOR CATEGORY 4
A7: LABOR CATEGORY 5
A8: LABOR CATEGORY 6
A9: LABOR CATEGORY 7
A10: LABOR CATEGORY 8
A11: LABOR CATEGORY 9
A12: LABOR CATEGORY 10
A13: LABOR CATEGORY 11
... A39: 2. Rates entered above shall be linked to each Format A tab where applicable by the offeror.

Sheet Format C
B1: TABLE 2 - Sub-Tier Vendor Cost/Price Summary Information
B2: SUB-TIER VENDOR (I.E. SUBCONTRACTOR(S), INTERDIVISIONAL WORK ORDERS (IWOs) OR JOINT VENTURES (JVs))
B5: SUB-TIER VENDOR NAME / LOCATION | C5: TASK(S) SUB-TIER VENDOR WILL ACCOMPLISH (Note 1) | D5: SUB-TIER VENDOR TYPE (S, IWO or JV) | E5: SUB-TIER VENDOR QUOTED COST/PRICE | F5: SUB-TIER VENDOR COST/PRICE PROPOSED BY OFFEROR | G5: DIFFERENCE (Note 2)
A6: 1
A7: 2
A8: 3

Sheet TEP example
A1: Cost Price Spreadsheet
A2: Solicitation FA8509-17-R-0015
A3: Offeror shall enter data in yellow highlighted fields only
A4: Offeror:
A5: Basic
A6: CLIN | B6: Contract Type | C6: Description | D6: Qty | E6: U/I | F6: Unit Price | H6: Amount
A7: 0001 | B7: FFP | C7: Program Management | D7: 1 | E7: LO | F7: 1000 | H7: =F7*D7 -> 1000
A8: 0002 | B8: FFP | C8: AC-130U FSR Support | D8: 12 | E8: MO | F8: 1000 | H8: =F8*D8 -> 12000
A9: 0003 | B9: FFP | C9: MC-130H FSR Support | D9: 12 | E9: MO | F9: 1000 | H9: =F9*D9 -> 12000
A10: 0004 | B10: FFP | C10: MC-130J FSR Support | D10: 12 | E10: MO | F10: 1000 | H10: =F10*D10 -> 12000
A11: 0005 | B11: FFP | C11: CV-22 FSR Support | D11: 12 | E11: MO | F11: 1000 | H11: =F11*D11 -> 12000
A12: 0006 | B12: FFP | C12: EC-130J FSR Support | D12: 12 | E12: MO | F12: 1000 | H12: =F12*D12 -> 12000
F13: Government Estimate | G13: Add-on Factor
A14: 0007 | B14: CRNF | C14: Material | D14: 1 | E14: LO | F14: 10000 | G14: 1.025 | H14: =(F14*G14) -> 10250
F15: Govt. calculated MPC | G15: Fixed Fee
A16: 0008 | B16: CPFF | C16: Deployed FSR Support | D16: 12 | E16: MO | F16: 100000 | G16: 5000 | H16: =ROUND((F16+G16)*D16,0) -> 1260000
A17: 0009 | B17: CRNF | C17: Travel and Per Diem | D17: 1 | E17: LO | F17: 5000
A18: 0010 | B18: FFP | C18: Data (NSP) | D18: 1 | E18: LO | F18: NSP | H18: NSP
A19: 0011 | B19: T&M | C19: Over and Above | F19: TBN | H19: TBN
A20: Basic Total | H20: =H16+H14+H12+H11+H10+H9+H8+H7 -> 1331250
A21: Option 1
A22: CLIN | B22: Contract Type | C22: Description | D22: Qty | E22: U/I | F22: Unit Price | H22: Amount
A23: 1001 | B23: FFP | C23: Program Management | D23: 1 | E23: LO | F23: 1000 | H23: =F23*D23 -> 1000
A24: 1002 | B24: FFP | C24: AC-130U FSR Support | D24: 12 | E24: MO | F24: 1000 | H24: =F24*D24 -> 12000
A25: 1003 | B25: FFP | C25: MC-130H FSR Support | D25: 12 | E25: MO | F25: 1000 | H25: =F25*D25 -> 12000
A26: 1004 | B26: FFP | C26: MC-130J FSR Support | D26: 12 | E26: MO | F26: 1000 | H26: =F26*D26 -> 12000
A27: 1005 | B27: FFP | C27: CV-22 FSR Support | D27: 12 | E27: MO | F27: 1000 | H27: =F27*D27 -> 12000
A28: 1006 | B28: FFP | C28: EC-130J FSR Support | D28: 12 | E28: MO | F28: 1000 | H28: =F28*D28 -> 12000
F29: Government Estimate | G29: Add-on Factor
A30: 1007 | B30: CRNF | C30: Material | D30: 1 | E30: LO | F30: 10000 | G30: 1.025 | H30: =(F30*G30) -> 10250
F31: Govt. calculated MPC | G31: Fixed Fee
A32: 1008 | B32: CPFF | C32: Deployed FSR Support | D32: 12 | E32: MO | F32: 100000 | G32: 5000 | H32: =ROUND((F32+G32)*D32,0) -> 1260000
A33: 1009 | B33: CRNF | C33: Travel and Per Diem | D33: 1 | E33: LO | F33: 5000
A34: 1010 | B34: FFP | C34: Data (NSP) | D34: 1 | E34: LO | F34: NSP | H34: NSP
A35: 1011 | B35: T&M | C35: Over and Above | F35: TBN | H35: TBN
A36: Option 1 Total | H36: =H32+H30+H28+H27+H26+H25+H24+H23 -> 1331250
A37: Option 2
A38: CLIN | B38: Contract Type | C38: Description | D38: Qty | E38: U/I | F38: Unit Price | H38: Amount
A39: 2001 | B39: FFP | C39: Program Management | D39: 1 | E39: LO | F39: 1000 | H39: =F39*D39 -> 1000
A40: 2002 | B40: FFP | C40: AC-130U FSR Support | D40: 12 | E40: MO | F40: 1000 | H40: =F40*D40 -> 12000
A41: 2003 | B41: FFP | C41: MC-130H FSR Support | D41: 12 | E41: MO | F41: 1000 | H41: =F41*D41 -> 12000
A42: 2004 | B42: FFP | C42: MC-130J FSR Support | D42: 12 | E42: MO | F42: 1000 | H42: =F42*D42 -> 12000
A43: 2005 | B43: FFP | C43: CV-22 FSR Support | D43: 12 | E43: MO | F43: 1000 | H43: =F43*D43 -> 12000
A44: 2006 | B44: FFP | C44: EC-130J FSR Support | D44: 12 | E44: MO | F44: 1000 | H44: =F44*D44 -> 12000
F45: Government Estimate | G45: Add-on Factor
A46: 2007 | B46: CRNF | C46: Material | D46: 1 | E46: LO | F46: 10000 | G46: 1.025 | H46: =(F46*G46) -> 10250
F47: Govt. calculated MPC | G47: Fixed Fee
A48: 2008 | B48: CPFF | C48: Deployed FSR Support | D48: 12 | E48: MO | F48: 100000 | G48: 5000 | H48: =ROUND((F48+G48)*D48,0) -> 1260000
A49: 2009 | B49: CRNF | C49: Travel and Per Diem | D49: 1 | E49: LO | F49: 5000
A50: 2010 | B50: FFP | C50: Data (NSP) | D50: 1 | E50: LO | F50: NSP | H50: NSP
A51: 2011 | B51: T&M | C51: Over and Above | F51: TBN | H51: TBN
A52: Option 2 Total | H52: =H48+H46+H44+H43+H42+H41+H40+H39 -> 1331250
A53: Option 3
A54: CLIN | B54: Contract Type | C54: Description | D54: Qty | E54: U/I | F54: Unit Price | H54: Amount
A55: 3001 | B55: FFP | C55: Program Management | D55: 1 | E55: LO | F55: 1000 | H55: =F55*D55 -> 1000
A56: 3002 | B56: FFP | C56: AC-130U FSR Support | D56: 12 | E56: MO | F56: 1000 | H56: =F56*D56 -> 12000
A57: 3003 | B57: FFP | C57: MC-130H FSR Support | D57: 12 | E57: MO | F57: 1000 | H57: =F57*D57 -> 12000
A58: 3004 | B58: FFP | C58: MC-130J FSR Support | D58: 12 | E58: MO | F58: 1000 | H58: =F58*D58 -> 12000
A59: 3005 | B59: FFP | C59: CV-22 FSR Support | D59: 12 | E59: MO | F59: 1000 | H59: =F59*D59 -> 12000
A60: 3006 | B60: FFP | C60: EC-130J FSR Support | D60: 12 | E60: MO | F60: 1000 | H60: =F60*D60 -> 12000
F61: Government Estimate | G61: Add-on Factor
A62: 3007 | B62: CRNF | C62: Material | D62: 1 | E62: LO | F62: 10000 | G62: 1.025 | H62: =(F62*G62) -> 10250
F63: Govt. calculated MPC | G63: Fixed Fee
A64: 3008 | B64: CPFF | C64: Deployed FSR Support | D64: 12 | E64: MO | F64: 100000 | G64: 5000 | H64: =ROUND((F64+G64)*D64,0) -> 1260000
A65: 3009 | B65: CRNF | C65: Travel and Per Diem | D65: 1 | E65: LO | F65: 5000
A66: 3010 | B66: FFP | C66: Data (NSP) | D66: 1 | E66: LO | F66: NSP | H66: NSP
A67: Option 3 Total | H67: =H64+H62+H60+H59+H58+H57+H56+H55 -> 1331250
A68: Option 4
A69: CLIN | B69: Contract Type | C69: Description | D69: Qty | E69: U/I | F69: Unit Price | H69: Amount
A70: 4001 | B70: FFP | C70: Program Management | D70: 1 | E70: LO | F70: 1000 | H70: =F70*D70 -> 1000
A71: 4002 | B71: FFP | C71: AC-130U FSR Support | D71: 12 | E71: MO | F71: 1000 | H71: =F71*D71 -> 12000
A72: 4003 | B72: FFP | C72: MC-130H FSR Support | D72: 12 | E72: MO | F72: 1000 | H72: =F72*D72 -> 12000
A73: 4004 | B73: FFP | C73: MC-130J FSR Support | D73: 12 | E73: MO | F73: 1000 | H73: =F73*D73 -> 12000
A74: 4005 | B74: FFP | C74: CV-22 FSR Support | D74: 12 | E74: MO | F74: 1000 | H74: =F74*D74 -> 12000
A75: 4006 | B75: FFP | C75: EC-130J FSR Support | D75: 12 | E75: MO | F75: 1000 | H75: =F75*D75 -> 12000
F76: Government Estimate | G76: Add-on Factor
A77: 4007 | B77: CRNF | C77: Material | D77: 1 | E77: LO | F77: 10000 | G77: 1.025 | H77: =(F77*G77) -> 10250
F78: Govt. calculated MPC | G78: Fixed Fee
A79: 4008 | B79: CPFF | C79: Deployed FSR Support | D79: 12 | E79: MO | F79: 100000 | G79: 5000 | H79: =ROUND((F79+G79)*D79,0) -> 1260000
A80: 4009 | B80: CRNF | C80: Travel and Per Diem | D80: 1 | E80: LO | F80: 5000
A81: 4010 | B81: FFP | C81: Data (NSP) | D81: 1 | E81: LO | F81: NSP | H81: NSP
A82: Option 4 Total | H82: =H79+H77+H75+H74+H73+H72+H71+H70 -> 1331250
A83: 6 Month Extension
A84: CLIN | B84: Contract Type | C84: Description | D84: Qty | E84: U/I | F84: Unit Price | H84: Amount
A85: 5001 | B85: FFP | C85: Program Management | D85: 1 | E85: LO | F85: =F70/2 -> 500 | H85: =F85*D85 -> 500
A86: 5002 | B86: FFP | C86: AC-130U FSR Support | D86: 6 | E86: MO | F86: =F71 -> 1000 | H86: =F86*D86 -> 6000
A87: 5003 | B87: FFP | C87: MC-130H FSR Support | D87: 6 | E87: MO | F87: =F72 -> 1000 | H87: =F87*D87 -> 6000
A88: 5004 | B88: FFP | C88: MC-130J FSR Support | D88: 6 | E88: MO | F88: =F73 -> 1000 | H88: =F88*D88 -> 6000
A89: 5005 | B89: FFP | C89: CV-22 FSR Support | D89: 6 | E89: MO | F89: =F74 -> 1000 | H89: =F89*D89 -> 6000
A90: 5006 | B90: FFP | C90: EC-130J FSR Support | D90: 6 | E90: MO | F90: =F75 -> 1000 | H90: =F90*D90 -> 6000
F91: Government Estimate | G91: Add-on Factor
A92: 5007 | B92: CRNF | C92: Material | D92: 1 | E92: LO | F92: 5000 | G92: =G77 -> 1.025 | H92: =(F92*G92) -> 5125
F93: Proposed Cost | G93: Fixed Fee
A94: 5008 | B94: CPFF | C94: Deployed FSR Support | D94: 6 | E94: MO | F94: =F79 -> 100000 | G94: =G79 -> 5000 | H94: =ROUND((F94+G94)*D94,0) -> 630000
A95: 5009 | B95: CRNF | C95: Travel and Per Diem | D95: 1 | E95: LO | F95: 2500
A96: 5010 | B96: FFP | C96: Data (NSP) | D96: 1 | E96: LO | F96: NSP | H96: NSP
A97: 6 Month Extension Total | H97: =H94+H92+H90+H89+H88+H87+H86+H85 -> 665625
A98: Total Evaluated Price | H98: =H82+H67+H52+H36+H20+H97 -> 7321875
A99: Numbers contained in this Exhibt are examples only.
